Workbook

Sheet Plan1
A1: PROCESSO SUPERMECADO RIACHUELO
A2: FLS | B2: DATA | C2: BANCO | D2: CONTA | E2: VALOR R$ | F2: OBSERVAÇÃO
A3: 6 | B3: 33168 | E3: 18250.37 | F3: "custas processuais"
A4: 493 | B4: 33171 | C4: besc | D4: 3116944-9 | E4: 50000 | F4: Cardeneta de Poupança em favor do Riachuelo
A5: 539 | B5: 33197 | E5: 50000 | F5: Levantamento do valor
A6: 603 | B6: 33312 | C6: besc | D6: 3333150-2 | E6: 114015.4 | F6: Cardeneta de Poupança em favor de Vilmar Gorges
A7: 604 | B7: 33312 | C7: besc | D7: 3333149-9 | E7: 5984.6 | F7: Cardeneta de Poupança em favor de 1° Vara cível
A8: 814 | B8: 33480 | C8: besc | D8: 3428555-5 | E8: 45173 | F8: Cardeneta de Poupança em favor da Massa Falida
A9: 816 | B9: 33473 | C9: besc | D9: 3428555-5 | E9: 119154 | F9: Cardeneta de Poupança em favor da Massa Falida - Valor recolhido do caixa da panificadora
A10: 955 | B10: 33567 | C10: banco do brasil | D10: 47001 | E10: 243698.16 | F10: Extrato
A11: 968 | B11: 33480 | C11: besc | D11: 3428555-5 | E11: 135408 | F11: Saque
A12: 1204 | B12: 33750 | D12: 33331 | E12: 114015.4 | F12: saque + juros
A13: 1245 | B13: 33815 | C13: besc | D13: 3616422-4 | E13: 24200000 | F13: Cardeneta de Poupança em favor 1° Civel - arrematação de bens
D14: 3616433-0 | E14: 96800000 | F14: Cardeneta de Poupança em favor 1° Civel - arrematação de bens
A15: 1590 | B15: 33990 | C15: besc | D15: 3616422-4 | E15: 1022700 | F15: Cardeneta de Poupança em favor 1° Civel - saldo de publicação de avisos
A16: 1593 | B16: 33987 | D16: 3616422-4 | E16: 2044660.8 | F16: saque
A17: 1657 | B17: 34123 | D17: 3616433-0 | E17: 4.8402824e+08 | F17: saque
A38: IMOVEIS/ MÓVEIS
A39: FLS | B39: ENDEREÇO | H39: OBSERVAÇÃO
A40: 8 | B40: Rua Jeronimo Coelho n.° 40 | H40: Contrato de Locação com OGB
A41: 11 | B41: Rua Ministro Calógeras n.° 1440 | H41: Contrato de Locação com OGB
A42: 14 | B42: Rua Dr. João Colin n.° 1495 | H42: Contrato de Locação com OGB
A43: 46 | B43: Terreno Rural - R3-31.800 25/08/88 | H43: Laudo de Avaliação Poder Judiciario | M43: ESCRITURA FLS 2098 A 2099
A44: 47 | B44: Terreno Rural - R1-8.363 29/09/87 | H44: Laudo de Avaliação Poder Judiciario
A45: 48 | B45: Terreno Rural - R1-8.361 29/09/87 | H45: Laudo de Avaliação Poder Judiciario
A46: 50 | B46: Rua Aube - 31.403 1° Circunscrição | H46: Laudo de Avaliação - 474 Imóveis | M46: ESCRITURA FLA 2101 A 2102
A47: 654 | B47: Terreno em Schroeder - R1-8.363 | H47: Imovel no nome do Sr. Roberto Bencz
A48: 661 | B48: Terreno em Schroeder - R1-8.363 | H48: Imovel no nome do Sr. Roberto Bencz
A49: 679 | B49: Rua Tenente Antonio João 2352
A50: 765 | B50: Av. Getulio Vargas esquina com a Rua Felipep Schmidt e Rua Felipe Frenzel - Jaragua do sul - matricula 999 | H50: Contrato de Compra e Venda - 30/11/87 | M50: ESCRITURA FLS. 2114 A 2118
A51: 798 | B51: Veiculo Verona glx 1.8 | H51: Documento do carro
A52: 2089 | B52: Terreno condominio marques de olinda | H52: não achei alienação de 1 lote (lote 2 quadra A) e também parte renanescente do imovel | M52: ESCRITURA FLS 2089 A 2096
A61: AÇÕES EM ANDAMENTO
A62: PROCESSO N.° | D62: TIPO | F62: AUTOR
A63: 0900582-61.2013.8.24.0038 | D63: execução fiscal | F63: Fazenda publica Joinville
A64: 003291-90.1996.8.24.0038 | D64: execução fiscal | F64: Fazenda publica Joinville
A72: NÃO ENCONTRADO VALORES DO BANCO BRADESCO
A73: NO BANCO ITAU ENCONTROU 32,84 BACENJUD FLS 2066

Sheet Resumo
B1: SUPERMERCADO RIACHUELO
B2: CNPJ 84.684.380/0001-10
B3: RELAÇÃO DE CREDORES
B5: Quadro apresentado 25/01/2021 - Ev 556 | E5: Quadro atualizado em 30/04/2025
B6: Quadro 1 - RESUMO DE CRÉDITOS HABILITADOS POR CLASSE DE CREDORES | E6: Quadro 1 - RESUMO DE CRÉDITOS HABILITADOS POR CLASSE DE CREDORES
B7: CLASSE DE CREDORES | C7: VALOR - R$ | E7: CLASSE DE CREDORES | F7: VALOR - R$
B8: Extraconcursais | C8: ='Pref-EncargoMassa'!H38 -> 81523.86 | E8: Extraconcursais | F8: ='Pref-EncargoMassa'!M38 -> 97546.65 | I8: Cálculo da remunração da AJ | J8: R$
B9: Tributário | C9: ='Pref-Fiscal'!E332 -> 393687.22 | E9: Tributário | F9: ='Pref-Fiscal'!N174 -> 392521.91 | I9: Valores arrecadados (Contas judiciais) | J9: =#REF! -> #REF!
B10: Quirografários | C10: ='Credores Quirografarios '!#REF! -> #REF! | E10: Quirografários | F10: ='Credores Quirografarios '!I299 -> 10546460 | I10: Atualização de valores arrecadados (Contas judiciais) | J10: =#REF! -> #REF!
B11: Multas | C11: =Multa!F129 -> 116526.03 | E11: Multas | F11: =Multa!O83 -> 34854193 | J11: =SUM(J9:J10) -> #REF!
B12: TOTAL | C12: =SUM(C8:C11) -> #REF! | E12: TOTAL | F12: =SUM(F8:F11) -> 45890722 | I12: Remuneração AJ (5%) | J12: =J11*5% -> #REF!
B16: Quadro apresentado em 29/05/2026 | E16: Quadro apresentado em 11/08/2026
B17: RESUMO DE CRÉDITOS HABILITADOS POR CLASSE DE CREDORES | E17: RESUMO DE CRÉDITOS HABILITADOS POR CLASSE DE CREDORES
B18: CLASSE DE CREDORES | C18: VALOR - R$ | E18: CLASSE DE CREDORES | F18: VALOR - R$
B19: ='QGC 29.05.26'!B2 -> CRÉDITOS PREFERENCIAIS - ACIDENTÁRIOS E TRABALHISTAS | C19: ='QGC 29.05.26'!C9 -> #REF! | E19: ='QGC 11.08.26'!B2 -> CRÉDITOS PREFERENCIAIS - ACIDENTÁRIOS E TRABALHISTAS | F19: ='QGC 11.08.26'!C9 -> #REF!
B20: ='QGC 29.05.26'!B12 -> CRÉDITOS PREFERENCIAIS - FISCAIS | C20: ='QGC 29.05.26'!C125 -> 331295.84 | E20: ='QGC 11.08.26'!B12 -> CRÉDITOS PREFERENCIAIS - FISCAIS | F20: ='QGC 11.08.26'!C126 -> 331760.27
B21: ='QGC 29.05.26'!B129 -> CRÉDITOS PREFERENCIAIS - ENCARGOS DA MASSA | C21: ='QGC 29.05.26'!C136 -> 55076.87 | E21: ='QGC 11.08.26'!B130 -> CRÉDITOS PREFERENCIAIS - ENCARGOS DA MASSA | F21: ='QGC 11.08.26'!C137 -> 55076.87
B22: ='QGC 29.05.26'!B140 -> CRÉDITOS CONCURSAIS - QUIROGRAFÁRIOS | C22: ='QGC 29.05.26'!C436 -> 191702.01 | E22: ='QGC 11.08.26'!B141 -> CRÉDITOS CONCURSAIS - QUIROGRAFÁRIOS | F22: ='QGC 11.08.26'!C437 -> 191702.01
B23: TOTAL | C23: =SUM(C19:C22) -> #REF! | E23: TOTAL | F23: =SUM(F19:F22) -> #REF!

Sheet QGC - AJ
C2: Quadro 1 - RESUMO DE CRÉDITOS HABILITADOS POR CLASSE DE CREDORES
C3: CLASSE DE CREDORES | D3: VALOR - R$
C4: Extraconcursais | D4: =F35 -> 81523.86
C5: Tributário | D5: =F106 -> 1166756.6
C6: Quirografários | D6: =D404 -> 7978858.2
C7: Multas | D7: =F449 -> 116526.03
C8: TOTAL | D8: =SUM(D4:D7) -> 9343664.8
C11: Quadro 2 -CREDORES EXTRACONCURSAIS
C12: CREDOR | D12: TIPO | E12: INSCRIÇÃO | F12: REVISÃO AJ 05/03/2019 | G12: REFERÊNCIA
C13: Municipio de Joinville | D13: IPTU - Dívida Ativa | E13: 1999 | F13: =622.31+674.32 -> 1296.63 | G13: Fls. 509
C14: Municipio de Joinville | D14: IPTU - Dívida Ativa | E14: 2000 | F14: =622.31+674.32 -> 1296.63 | G14: Fls. 509
C15: Municipio de Joinville | D15: IPTU - Dívida Ativa | E15: 2001 | F15: =692.31+744.85 -> 1437.16 | G15: Fls. 509
C16: Municipio de Joinville | D16: IPTU - Dívida Ativa | E16: 2002 | F16: =767.27+698.24 -> 1465.51 | G16: Fls. 509
C17: Municipio de Joinville | D17: IPTU - Ajuizada | E17: 2003 | F17: =1020.61+505.33 -> 1525.94 | G17: Fls. 509
C18: Municipio de Joinville | D18: IPTU - Dívida Ativa | E18: 2004 | F18: =1145.69+359.86 -> 1505.55 | G18: Fls. 510
C19: Municipio de Joinville | D19: IPTU - Ajuizada | E19: 2005 | F19: =1286.41+291.29 -> 1577.7 | G19: Fls. 510
C20: Municipio de Joinville | D20: IPTU - Ajuizada | E20: 2006 | F20: =1452.35+269.92 -> 1722.27 | G20: Fls. 510
C21: Municipio de Joinville | D21: IPTU - Ajuizada | E21: 2007 | F21: =2553.25+370.17 -> 2923.42 | G21: Fls. 510
C22: Municipio de Joinville | D22: IPTU - Ajuizada | E22: 2008 | F22: =2714.99+188.76 -> 2903.75 | G22: Fls. 510
C23: Municipio de Joinville | D23: IPTU - Ajuizada | E23: 2009 | F23: =1789.18+29.75 -> 1818.93 | G23: Fls. 511
C24: Municipio de Joinville | D24: IPTU - Ajuizada | E24: 2010 | F24: =1857.44 -> 1857.44 | G24: Fls. 511
C25: Municipio de Joinville | D25: IPTU - Ajuizada | E25: 2011 | F25: 1968.9 | G25: Fls. 511
C26: Municipio de Joinville | D26: IPTU - Ajuizada | E26: 2012 | F26: 6514.58 | G26: Fls. 512
C27: Municipio de Joinville | D27: IPTU - Ajuizada | E27: 2013 | F27: 6869.51 | G27: Fls. 512
C28: Municipio de Joinville | D28: IPTU - Ajuizada | E28: 2014 | F28: 7271.51 | G28: Fls. 512
C29: Municipio de Joinville | D29: IPTU - Ajuizada | E29: 2015 | F29: 7750.74 | G29: Fls. 513
C30: Municipio de Joinville | D30: IPTU - Dívida Ativa | E30: 2016 | F30: 8515.29 | G30: Fls. 513
C31: Municipio de Joinville | D31: IPTU - Dívida Ativa | E31: 2017 | F31: 9189.37 | G31: Fls. 513
C32: Municipio de Joinville | D32: IPTU - Dívida Ativa | E32: 2018 | F32: 9418.93 | G32: Fls. 514
C33: Municipio de São José | D33: CDA 81902015 | E33: 2010 a 2013 | F33: 1202.45 | G33: Execução Fiscal n° 0312898-09.2015.8.24.0064
C34: Municipio de São José | D34: CDA 7002 | E34: 2010 a 2013 | F34: 1491.65 | G34: Execução Fiscal n° 0903736-38.2015.8.24.0064
C35: TOTAL | F35: =SUM(F13:F34) -> 81523.86
C38: Quadro 3- CREDITOS TRIBUTÁRIOS
C39: CREDOR | D39: TIPO | E39: INSCRIÇÃO | F39: REVISÃO AJ 05/03/2019 | G39: REFERÊNCIA
C40: União | D40: Dívida Ativa | E40: 91 2 94 000529-90 | F40: 3838.95 | G40: Fls. 280-286
C41: União | D41: Dívida Ativa | E41: 91 5 94 000603-67 | F41: 3033.36 | G41: Fls. 280-286
C42: União | D42: Dívida Ativa | E42: 91 5 94 000987-63 | F42: 3033.36 | G42: Fls. 280-286
C43: União | D43: Dívida Ativa | E43: 91 6 93 000561-28 | F43: 908.7 | G43: Fls. 280-286
C44: União | D44: Dívida Ativa | E44: 91 6 94 000662-06 | F44: 16838.64 | G44: Fls. 280-286
C45: União | D45: Dívida Ativa | E45: 91 6 97 030356-84 | F45: 510.14 | G45: Fls. 280-286
C46: União | D46: Dívida Ativa | E46: 91 6 97 030409-20 | F46: 3355.15 | G46: Fls. 280-286
C47: União | D47: Dívida Ativa | E47: 91 6 94 000269-02 | F47: 18484.2 | G47: Fls. 280-286
C48: União | D48: Dívida Ativa | E48: 316617202 | F48: 6903.6 | G48: Fls. 287
C49: União | D49: Dívida Ativa | E49: 316617210 | F49: 2231.62 | G49: Fls. 287
C50: Estado de Santa Catarina | D50: Dívida Ativa | E50: 1101000387 | F50: 61.22 | G50: Fls. 294
C51: Estado de Santa Catarina | D51: Dívida Ativa | E51: 5101004787 | F51: 6022.83 | G51: Fls. 295
C52: Estado de Santa Catarina | D52: Dívida Ativa | E52: 5101005387 | F52: 11396.71 | G52: Fls. 295
C53: Estado de Santa Catarina | D53: Dívida Ativa | E53: 5101008787 | F53: 5637.26 | G53: Fls. 295
C54: Estado de Santa Catarina | D54: Dívida Ativa | E54: 5101013587 | F54: 4278.47 | G54: Fls. 295
C55: Estado de Santa Catarina | D55: Dívida Ativa | E55: 5101004187 | F55: 27532.86 | G55: Fls. 296
C56: Estado de Santa Catarina | D56: Dívida Ativa | E56: 5101004687 | F56: 35976.24 | G56: Fls. 296
C57: Estado de Santa Catarina | D57: Dívida Ativa | E57: 5101005487 | F57: 16046.38 | G57: Fls. 296
C58: Estado de Santa Catarina | D58: Dívida Ativa | E58: 5101008687 | F58: 12698.31 | G58: Fls. 296
C59: Estado de Santa Catarina | D59: Dívida Ativa | E59: 5101014087 | F59: 10258.88 | G59: Fls. 296
... C105: Estado de Santa Catarina | D105: Dívida Ativa | E105: 5101005087 | F105: 1862.16 | G105: Fls. 480
C106: TOTAL | F106: 1166756.6
C108: Quadro 4 - CREDORES QUIROGRAFÁRIOS
C109: CREDOR | D109: REVISÃO AJ 27/02/19
C110: 3M do Brasil LTDA. | D110: 903.86502
C111: A B Loss e Cia Ltda. | D111: 5311.4511
C112: A C L Com. e Verduras LTDA. | D112: 33594.546
C113: Acacio Jorge Bruno Neves | D113: 20850.124
C114: ACG-Industria Alimentícia LTDA. | D114: 5461.4575
C115: Adolar Kasulke | D115: 9126.665
C116: Agro Com. Novo Mundo LTDA. | D116: 1773.2898
C117: Agro Comercial Colombense LTDA. | D117: 757.68533
C118: Agroeliane S/A Ind. de Alimentos | D118: 30328.08
C119: Ailiram S/A Produtos Alimentícios | D119: 11805.351
C120: Albercht Carnes Nobres LTDA. | D120: 45799.403
C121: Alceu Breda e Cia LTDA. | D121: 4869.8505
... C403: York S/A Ind. Com. | D403: 5130.0658
C404: TOTAL | D404: =SUM(D110:D403) -> 7978858.2
C406: Quadro 5 - MULTAS
C407: CREDOR | D407: TIPO | E407: INSCRIÇÃO | F407: REVISÃO AJ 05/03/2019 | G407: REFERÊNCIA
C408: União | D408: Dívida Ativa (Multa) | E408: 91697030415-79 - Execução Fiscal n° 5012970-93.2018.4.04.7201 - Fls. 573 | F408: 3607.77 | G408: Fls. 280-286
C409: União | D409: Dívida Ativa (Multa) | E409: 91697030400-92 - Execução Fiscal n° 5012970-93.2018.4.04.7201 - Fls. 576 | F409: 3606.98 | G409: Fls. 280-286
C410: União | D410: Dívida Ativa (Multa) | E410: 91697030414-98 - Execução Fiscal n° 5012970-93.2018.4.04.7201 - Fls. 579 | F410: 2722.65 | G410: Fls. 280-286
C411: União | D411: Dívida Ativa (Multa) | E411: 91697030413-07 - Execução Fiscal n° 5012970-93.2018.4.04.7201 - Fls. 582 | F411: 908.7 | G411: Fls. 280-286
C412: União | D412: Dívida Ativa (Multa) | E412: 91697030412-26 - Execução Fiscal n° 5012970-93.2018.4.04.7201 - Fls. 585 | F412: 1299.8 | G412: Fls. 280-286
C413: União | D413: Dívida Ativa (Multa) | E413: 91697030410-64 - Execução Fiscal n° 5012970-93.2018.4.04.7201 - Fls. 588 | F413: 3597.66 | G413: Fls. 280-286
C414: União | D414: Dívida Ativa (Multa) | E414: 91697030406-88- Execução Fiscal n° 5012970-93.2018.4.04.7201 - Fls. 591 | F414: 4123.29 | G414: Fls. 280-286
C415: União | D415: Dívida Ativa (Multa) | E415: 91697030411-45- Execução Fiscal n° 5012970-93.2018.4.04.7201 - Fls. 594 | F415: 14728.18 | G415: Fls. 280-286
C416: União | D416: Dívida Ativa (Multa) | E416: 91697030407-69- Execução Fiscal n° 5012970-93.2018.4.04.7201 - Fls. 597 | F416: 1798.81 | G416: Fls. 280-286
C417: União | D417: Dívida Ativa (Multa) | E417: 91697030404-16- Execução Fiscal n° 5012970-93.2018.4.04.7201 - Fls. 600 | F417: 4854.78 | G417: Fls. 280-286
C418: União | D418: Dívida Ativa (Multa) | E418: 91697030403-35 - Execução Fiscal n° 5012970-93.2018.4.04.7201 - Fls. 603 | F418: 8982.68 | G418: Fls. 280-286
C419: União | D419: Dívida Ativa (Multa) | E419: 91697030402-54 - Execução Fiscal n° 5012970-93.2018.4.04.7201 - Fls. 606 | F419: 1299.8 | G419: Fls. 280-286
... C425: União | D425: Dívida Ativa (Multa) | E425: 91697030462-22 - Execução Fiscal n° 5012970-93.2018.4.04.7201 - Fls. 624 | F425: 3577.14 | G425: Fls. 280-286
C426: União | D426: Ausência de Recolhimento - FGTS | F426: 30000 | G426: Fls. 335-337
C427: Município de Joinville | D427: IPTU - Dívida Ativa | E427: 1999 | F427: 129.66 | G427: Fls. 507-514
C428: Município de Joinville | D428: IPTU - Dívida Ativa | E428: 2000 | F428: 129.66 | G428: Fls. 507-514
C429: Município de Joinville | D429: IPTU - Dívida Ativa | E429: 2001 | F429: 143.72 | G429: Fls. 507-514
C430: Município de Joinville | D430: IPTU - Dívida Ativa | E430: 2002 | F430: 146.55 | G430: Fls. 507-514
C431: Município de Joinville | D431: IPTU - Ajuizada | E431: 2003 | F431: 152.59 | G431: Fls. 507-514
C432: Município de Joinville | D432: IPTU - Dívida Ativa | E432: 2004 | F432: 150.56 | G432: Fls. 507-514
C433: Município de Joinville | D433: IPTU - Ajuizada | E433: 2005 | F433: 157.77 | G433: Fls. 507-514
C434: Município de Joinville | D434: IPTU - Ajuizada | E434: 2006 | F434: 172.23 | G434: Fls. 507-514
C435: Município de Joinville | D435: IPTU - Ajuizada | E435: 2007 | F435: 292.34 | G435: Fls. 507-514
C436: Município de Joinville | D436: IPTU - Ajuizada | E436: 2008 | F436: 290.37 | G436: Fls. 507-514
C437: Município de Joinville | D437: IPTU - Ajuizada | E437: 2009 | F437: 181.99 | G437: Fls. 507-514
C438: Município de Joinville | D438: IPTU - Ajuizada | E438: 2010 | F438: 185.71 | G438: Fls. 507-514
...

Sheet QGC 29.05.26
B2: CRÉDITOS PREFERENCIAIS - ACIDENTÁRIOS E TRABALHISTAS
B3: CREDOR | C3: Valor por crédito | D3: Valor consolidado | E3: REFERÊNCIA
B4: ='Pref-Trabalhistas'!B5 -> Municipio de Joinville | C4: ='Pref-Trabalhistas'!#REF! -> #REF! | D4: =SUM(C4:C8) -> #REF! | E4: ='Pref-Trabalhistas'!F6 -> EV. 997 - Execução Fiscal n. 0902886-57.2018.8.24.0038
B5: ='Pref-Trabalhistas'!B6 -> Municipio de Joinville | C5: ='Pref-Trabalhistas'!#REF! -> #REF! | E5: ='Pref-Trabalhistas'!F5 -> EV. 997 - Execução Fiscal n. 0903959-98.2017.8.24.0038
B6: ='Pref-Trabalhistas'!B7 -> Municipio de Joinville | C6: ='Pref-Trabalhistas'!#REF! -> #REF! | E6: ='Pref-Trabalhistas'!F9 -> EV. 997 - Execução Fiscal n. 5014350-53.2024.8.24.0023
B7: ='Pref-Trabalhistas'!B8 -> Municipio de Joinville | C7: ='Pref-Trabalhistas'!#REF! -> #REF! | E7: ='Pref-Trabalhistas'!F7 -> EV. 997 - Execução Fiscal n. 5019527-26.2019.8.24.0038
B8: ='Pref-Trabalhistas'!B9 -> Municipio de Joinville | C8: ='Pref-Trabalhistas'!#REF! -> #REF! | E8: ='Pref-Trabalhistas'!F8 -> EV. 997 - Execução Fiscal n. 5088935-47.2022.8.24.0023
B9: TOTAL DA CLASSE | C9: =SUM(C4:C8) -> #REF!
B12: CRÉDITOS PREFERENCIAIS - FISCAIS
B13: CREDOR | C13: Valor por crédito | D13: Valor consolidado | E13: REFERÊNCIA
B14: ='Pref-Fiscal'!B17 -> União | C14: ='Pref-Fiscal'!R17 -> 93.83 | D14: =SUM(C14:C16) -> 595.48 | E14: ='Pref-Fiscal'!S17 -> Ev. 868
B15: ='Pref-Fiscal'!B18 -> União | C15: ='Pref-Fiscal'!R18 -> 134.77 | E15: ='Pref-Fiscal'!S18 -> Ev. 868
B16: ='Pref-Fiscal'!B19 -> União | C16: ='Pref-Fiscal'!R19 -> 366.88 | E16: ='Pref-Fiscal'!S19 -> Ev. 868
B17: ='Pref-Fiscal'!B34&" - "&'Pref-Fiscal'!C34 -> Estado de Santa Catarina - ICMS | C17: ='Pref-Fiscal'!R34 -> 16013.43 | D17: =SUM(C17:C70) -> 314952.72 | E17: ='Pref-Fiscal'!S34&" - "&'Pref-Fiscal'!T34 -> EV. 909 - 0030402-31.1995.8.24.0023
B18: ='Pref-Fiscal'!B36&" - "&'Pref-Fiscal'!C36 -> Estado de Santa Catarina - ICMS | C18: ='Pref-Fiscal'!R36 -> 21634.85 | E18: ='Pref-Fiscal'!S36&" - "&'Pref-Fiscal'!T36 -> EV. 909 - 0000542-62.1989.8.24.0033
B19: ='Pref-Fiscal'!B37&" - "&'Pref-Fiscal'!C37 -> Estado de Santa Catarina - ICMS | C19: ='Pref-Fiscal'!R37 -> 1207.52 | E19: ='Pref-Fiscal'!S37&" - "&'Pref-Fiscal'!T37 -> EV. 909 - 0005200-70.1996.8.24.0038
B20: ='Pref-Fiscal'!B38&" - "&'Pref-Fiscal'!C38 -> Estado de Santa Catarina - ICMS | C20: ='Pref-Fiscal'!R38 -> 3220.28 | E20: ='Pref-Fiscal'!S38&" - "&'Pref-Fiscal'!T38 -> EV. 909 - 0005200-70.1996.8.24.0038
B21: ='Pref-Fiscal'!B39&" - "&'Pref-Fiscal'!C39 -> Estado de Santa Catarina - ICMS | C21: ='Pref-Fiscal'!R39 -> 12749.27 | E21: ='Pref-Fiscal'!S39&" - "&'Pref-Fiscal'!T39 -> EV. 909 - 0005200-70.1996.8.24.0038
B22: ='Pref-Fiscal'!B40&" - "&'Pref-Fiscal'!C40 -> Estado de Santa Catarina - ICMS | C22: ='Pref-Fiscal'!R40 -> 234.86 | E22: ='Pref-Fiscal'!S40&" - "&'Pref-Fiscal'!T40 -> EV. 909 - 0005200-70.1996.8.24.0038
B23: ='Pref-Fiscal'!B41&" - "&'Pref-Fiscal'!C41 -> Estado de Santa Catarina - ICMS | C23: ='Pref-Fiscal'!R41 -> 598.56 | E23: ='Pref-Fiscal'!S41&" - "&'Pref-Fiscal'!T41 -> EV. 909 - 0005200-70.1996.8.24.0038
B24: ='Pref-Fiscal'!B42&" - "&'Pref-Fiscal'!C42 -> Estado de Santa Catarina - ICMS | C24: ='Pref-Fiscal'!R42 -> 510.37 | E24: ='Pref-Fiscal'!S42&" - "&'Pref-Fiscal'!T42 -> EV. 909 - 0005200-70.1996.8.24.0038
B25: ='Pref-Fiscal'!B43&" - "&'Pref-Fiscal'!C43 -> Estado de Santa Catarina - ICMS | C25: ='Pref-Fiscal'!R43 -> 1028.04 | E25: ='Pref-Fiscal'!S43&" - "&'Pref-Fiscal'!T43 -> EV. 909 - 0005200-70.1996.8.24.0038
B26: ='Pref-Fiscal'!B44&" - "&'Pref-Fiscal'!C44 -> Estado de Santa Catarina - ICMS | C26: ='Pref-Fiscal'!R44 -> 1254.45 | E26: ='Pref-Fiscal'!S44&" - "&'Pref-Fiscal'!T44 -> EV. 909 - 0005200-70.1996.8.24.0038
B27: ='Pref-Fiscal'!B45&" - "&'Pref-Fiscal'!C45 -> Estado de Santa Catarina - ICMS | C27: ='Pref-Fiscal'!R45 -> 363.84 | E27: ='Pref-Fiscal'!S45&" - "&'Pref-Fiscal'!T45 -> EV. 909 - 0005200-70.1996.8.24.0038
B28: ='Pref-Fiscal'!B46&" - "&'Pref-Fiscal'!C46 -> Estado de Santa Catarina - ICMS | C28: ='Pref-Fiscal'!R46 -> 1761.11 | E28: ='Pref-Fiscal'!S46&" - "&'Pref-Fiscal'!T46 -> EV. 909 - 0005200-70.1996.8.24.0038
B29: ='Pref-Fiscal'!B47&" - "&'Pref-Fiscal'!C47 -> Estado de Santa Catarina - ICMS | C29: ='Pref-Fiscal'!R47 -> 3223.94 | E29: ='Pref-Fiscal'!S47&" - "&'Pref-Fiscal'!T47 -> EV. 909 - 0005200-70.1996.8.24.0038
... B70: ='Pref-Fiscal'!B88&" - "&'Pref-Fiscal'!C88 -> Estado de Santa Catarina - ICMS | C70: ='Pref-Fiscal'!R88 -> 2186.29 | E70: ='Pref-Fiscal'!S88&" - "&'Pref-Fiscal'!T88 -> EV. 909 - 0003291-90.1996.8.24.0038
B71: ='Pref-Fiscal'!B90&" - "&'Pref-Fiscal'!C90 -> Estado de Santa Catarina - FUNJURE | C71: ='Pref-Fiscal'!R90 -> 800.6715 | D71: =SUM(C71:C124) -> 15747.636 | E71: ='Pref-Fiscal'!S90&" - "&'Pref-Fiscal'!T90 -> - 0030402-31.1995.8.24.0023
B72: ='Pref-Fiscal'!B92&" - "&'Pref-Fiscal'!C92 -> Estado de Santa Catarina - FUNJURE | C72: ='Pref-Fiscal'!R92 -> 1081.7425 | E72: ='Pref-Fiscal'!S92&" - "&'Pref-Fiscal'!T92 -> - 0000542-62.1989.8.24.0033
B73: ='Pref-Fiscal'!B93&" - "&'Pref-Fiscal'!C93 -> Estado de Santa Catarina - FUNJURE | C73: ='Pref-Fiscal'!R93 -> 60.376 | E73: ='Pref-Fiscal'!S93&" - "&'Pref-Fiscal'!T93 -> - 0005200-70.1996.8.24.0038
B74: ='Pref-Fiscal'!B94&" - "&'Pref-Fiscal'!C94 -> Estado de Santa Catarina - FUNJURE | C74: ='Pref-Fiscal'!R94 -> 161.014 | E74: ='Pref-Fiscal'!S94&" - "&'Pref-Fiscal'!T94 -> - 0005200-70.1996.8.24.0038
B75: ='Pref-Fiscal'!B95&" - "&'Pref-Fiscal'!C95 -> Estado de Santa Catarina - FUNJURE | C75: ='Pref-Fiscal'!R95 -> 637.4635 | E75: ='Pref-Fiscal'!S95&" - "&'Pref-Fiscal'!T95 -> - 0005200-70.1996.8.24.0038
B76: ='Pref-Fiscal'!B96&" - "&'Pref-Fiscal'!C96 -> Estado de Santa Catarina - FUNJURE | C76: ='Pref-Fiscal'!R96 -> 11.743 | E76: ='Pref-Fiscal'!S96&" - "&'Pref-Fiscal'!T96 -> - 0005200-70.1996.8.24.0038
B77: ='Pref-Fiscal'!B97&" - "&'Pref-Fiscal'!C97 -> Estado de Santa Catarina - FUNJURE | C77: ='Pref-Fiscal'!R97 -> 29.928 | E77: ='Pref-Fiscal'!S97&" - "&'Pref-Fiscal'!T97 -> - 0005200-70.1996.8.24.0038
B78: ='Pref-Fiscal'!B98&" - "&'Pref-Fiscal'!C98 -> Estado de Santa Catarina - FUNJURE | C78: ='Pref-Fiscal'!R98 -> 25.5185 | E78: ='Pref-Fiscal'!S98&" - "&'Pref-Fiscal'!T98 -> - 0005200-70.1996.8.24.0038
B79: ='Pref-Fiscal'!B99&" - "&'Pref-Fiscal'!C99 -> Estado de Santa Catarina - FUNJURE | C79: ='Pref-Fiscal'!R99 -> 51.402 | E79: ='Pref-Fiscal'!S99&" - "&'Pref-Fiscal'!T99 -> - 0005200-70.1996.8.24.0038
B80: ='Pref-Fiscal'!B100&" - "&'Pref-Fiscal'!C100 -> Estado de Santa Catarina - FUNJURE | C80: ='Pref-Fiscal'!R100 -> 62.7225 | E80: ='Pref-Fiscal'!S100&" - "&'Pref-Fiscal'!T100 -> - 0005200-70.1996.8.24.0038
B81: ='Pref-Fiscal'!B101&" - "&'Pref-Fiscal'!C101 -> Estado de Santa Catarina - FUNJURE | C81: ='Pref-Fiscal'!R101 -> 18.192 | E81: ='Pref-Fiscal'!S101&" - "&'Pref-Fiscal'!T101 -> - 0005200-70.1996.8.24.0038
B82: ='Pref-Fiscal'!B102&" - "&'Pref-Fiscal'!C102 -> Estado de Santa Catarina - FUNJURE | C82: ='Pref-Fiscal'!R102 -> 88.0555 | E82: ='Pref-Fiscal'!S102&" - "&'Pref-Fiscal'!T102 -> - 0005200-70.1996.8.24.0038
B83: ='Pref-Fiscal'!B103&" - "&'Pref-Fiscal'!C103 -> Estado de Santa Catarina - FUNJURE | C83: ='Pref-Fiscal'!R103 -> 161.197 | E83: ='Pref-Fiscal'!S103&" - "&'Pref-Fiscal'!T103 -> - 0005200-70.1996.8.24.0038
... B124: ='Pref-Fiscal'!B144&" - "&'Pref-Fiscal'!C144 -> Estado de Santa Catarina - FUNJURE | C124: ='Pref-Fiscal'!R144 -> 109.3145 | E124: ='Pref-Fiscal'!S144&" - "&'Pref-Fiscal'!T144 -> - 0003291-90.1996.8.24.0038
B125: TOTAL DA CLASSE | C125: =SUM(C14:C124) -> 331295.84 | D125: =SUM(D14:D124) -> 331295.84
C127: =C125-'Pref-Fiscal'!R174 -> -464.43
B129: CRÉDITOS PREFERENCIAIS - ENCARGOS DA MASSA
B130: CREDOR | C130: Valor por crédito | D130: Valor consolidado | E130: REFERÊNCIA
B131: ='Pref-EncargoMassa'!B22 -> Municipio de Joinville | C131: ='Pref-EncargoMassa'!R22 -> 7750.74 | D131: =SUM(C131:C135) -> 55076.87 | E131: ='Pref-EncargoMassa'!S22&" - "&'Pref-EncargoMassa'!T22 -> Ev. 997 - Execução Fiscal n. 0903959-98.2017.8.24.0038 - CDA 4866/2017
B132: ='Pref-EncargoMassa'!B23 -> Municipio de Joinville | C132: ='Pref-EncargoMassa'!R23 -> 9189.37 | E132: ='Pref-EncargoMassa'!S23&" - "&'Pref-EncargoMassa'!T23 -> Ev. 997 - Execução Fiscal n. 5019527-26.2019.8.24.0038 - CDA 18965/2019
B133: ='Pref-EncargoMassa'!B24 -> Municipio de Joinville | C133: ='Pref-EncargoMassa'!R24 -> 8515.29 | E133: ='Pref-EncargoMassa'!S24&" - "&'Pref-EncargoMassa'!T24 -> Ev. 997 - Execução Fiscal n. 0902886-57.2018.8.24.0038 - CDA 9180/2018
B134: ='Pref-EncargoMassa'!B25 -> Municipio de Joinville | C134: ='Pref-EncargoMassa'!R25 -> 20202.54 | E134: ='Pref-EncargoMassa'!S25&" - "&'Pref-EncargoMassa'!T25 -> Ev. 997 - Execução Fiscal n. 5014350-53.2024.8.24.0023 - CDAs 1404 e 1405/2014
B135: ='Pref-EncargoMassa'!B26 -> Municipio de Joinville | C135: ='Pref-EncargoMassa'!R26 -> 9418.93 | E135: ='Pref-EncargoMassa'!S26&" - "&'Pref-EncargoMassa'!T26 -> Ev. 997 - Execução Fiscal n. 5088935-47.2022.8.24.0023 - CDAs 42608/2022
B136: TOTAL DA CLASSE | C136: =SUM(C131:C135) -> 55076.87 | D136: =SUM(D131:D135) -> 55076.87
B140: CRÉDITOS CONCURSAIS - QUIROGRAFÁRIOS
B141: CREDOR | C141: Valor por crédito
B142: ='Credores Quirografarios '!B5 -> 3M do Brasil Ltda | C142: ='Credores Quirografarios '!G5 -> 21.716484
B143: ='Credores Quirografarios '!B6 -> A B Loss e Cia Ltda | C143: ='Credores Quirografarios '!G6 -> 127.61423
B144: ='Credores Quirografarios '!B7 -> A C L Com. e Verduras Ltda | C144: ='Credores Quirografarios '!G7 -> 807.15084
B145: ='Credores Quirografarios '!B8 -> Acacio Jorge Bruno Neves | C145: ='Credores Quirografarios '!G8 -> 500.95023
B146: ='Credores Quirografarios '!B9 -> ACG-Industria Alimentícia Ltda | C146: ='Credores Quirografarios '!G9 -> 131.21832
B147: ='Credores Quirografarios '!B10 -> Adolar Kasulke | C147: ='Credores Quirografarios '!G10 -> 219.2795
B148: ='Credores Quirografarios '!B11 -> Agro Com. Novo Mundo Ltda | C148: ='Credores Quirografarios '!G11 -> 42.605498
B149: ='Credores Quirografarios '!B12 -> Agro Comercial Colombense Ltda | C149: ='Credores Quirografarios '!G12 -> 18.204335
B150: ='Credores Quirografarios '!B13 -> Agroeliane S/A Ind. de Alimentos | C150: ='Credores Quirografarios '!G13 -> 728.66992
B151: ='Credores Quirografarios '!B14 -> Ailiram S/A Produtos Alimentícios | C151: ='Credores Quirografarios '!G14 -> 283.63827
B152: ='Credores Quirografarios '!B15 -> Albercht Carnes Nobres Ltda | C152: ='Credores Quirografarios '!G15 -> 1100.3877
B153: ='Credores Quirografarios '!B16 -> Alceu Breda e Cia Ltda | C153: ='Credores Quirografarios '!G16 -> 117.00423
... B435: ='Credores Quirografarios '!B298 -> York S/A Ind. Com. | C435: ='Credores Quirografarios '!G298 -> 123.25623
B436: TOTAL DA CLASSE | C436: =SUM(C142:C435) -> 191702.01
C438: =C436-'Credores Quirografarios '!G299 -> 0

Sheet QGC 11.08.26
B2: CRÉDITOS PREFERENCIAIS - ACIDENTÁRIOS E TRABALHISTAS
B3: CREDOR | C3: Valor por crédito | D3: Valor consolidado | E3: REFERÊNCIA
B4: ='Pref-Trabalhistas'!B5 -> Municipio de Joinville | C4: ='Pref-Trabalhistas'!#REF! -> #REF! | D4: =SUM(C4:C8) -> #REF! | E4: ='Pref-Trabalhistas'!F6 -> EV. 997 - Execução Fiscal n. 0902886-57.2018.8.24.0038
B5: ='Pref-Trabalhistas'!B6 -> Municipio de Joinville | C5: ='Pref-Trabalhistas'!#REF! -> #REF! | E5: ='Pref-Trabalhistas'!F5 -> EV. 997 - Execução Fiscal n. 0903959-98.2017.8.24.0038
B6: ='Pref-Trabalhistas'!B7 -> Municipio de Joinville | C6: ='Pref-Trabalhistas'!#REF! -> #REF! | E6: ='Pref-Trabalhistas'!F9 -> EV. 997 - Execução Fiscal n. 5014350-53.2024.8.24.0023
B7: ='Pref-Trabalhistas'!B8 -> Municipio de Joinville | C7: ='Pref-Trabalhistas'!#REF! -> #REF! | E7: ='Pref-Trabalhistas'!F7 -> EV. 997 - Execução Fiscal n. 5019527-26.2019.8.24.0038
B8: ='Pref-Trabalhistas'!B9 -> Municipio de Joinville | C8: ='Pref-Trabalhistas'!#REF! -> #REF! | E8: ='Pref-Trabalhistas'!F8 -> EV. 997 - Execução Fiscal n. 5088935-47.2022.8.24.0023
B9: TOTAL DA CLASSE | C9: =SUM(C4:C8) -> #REF!
B12: CRÉDITOS PREFERENCIAIS - FISCAIS
B13: CREDOR | C13: Valor por crédito | D13: Valor consolidado | E13: REFERÊNCIA
B14: ='Pref-Fiscal'!B17 -> União | C14: ='Pref-Fiscal'!R17 -> 93.83 | D14: =SUM(C14:C17) -> 1059.91 | E14: ='Pref-Fiscal'!S17 -> Ev. 868
B15: ='Pref-Fiscal'!B18 -> União | C15: ='Pref-Fiscal'!R18 -> 134.77 | E15: ='Pref-Fiscal'!S18 -> Ev. 868
B16: União | C16: ='Pref-Fiscal'!R19 -> 366.88 | E16: Ev. 868
B17: ='Pref-Fiscal'!B19 -> União | C17: ='Pref-Fiscal'!R20 -> 464.43 | E17: ='Pref-Fiscal'!S19 -> Ev. 868
B18: ='Pref-Fiscal'!B34&" - "&'Pref-Fiscal'!C34 -> Estado de Santa Catarina - ICMS | C18: ='Pref-Fiscal'!R34 -> 16013.43 | D18: =SUM(C18:C71) -> 314952.72 | E18: ='Pref-Fiscal'!S34&" - "&'Pref-Fiscal'!T34 -> EV. 909 - 0030402-31.1995.8.24.0023
B19: ='Pref-Fiscal'!B36&" - "&'Pref-Fiscal'!C36 -> Estado de Santa Catarina - ICMS | C19: ='Pref-Fiscal'!R36 -> 21634.85 | E19: ='Pref-Fiscal'!S36&" - "&'Pref-Fiscal'!T36 -> EV. 909 - 0000542-62.1989.8.24.0033
B20: ='Pref-Fiscal'!B37&" - "&'Pref-Fiscal'!C37 -> Estado de Santa Catarina - ICMS | C20: ='Pref-Fiscal'!R37 -> 1207.52 | E20: ='Pref-Fiscal'!S37&" - "&'Pref-Fiscal'!T37 -> EV. 909 - 0005200-70.1996.8.24.0038
B21: ='Pref-Fiscal'!B38&" - "&'Pref-Fiscal'!C38 -> Estado de Santa Catarina - ICMS | C21: ='Pref-Fiscal'!R38 -> 3220.28 | E21: ='Pref-Fiscal'!S38&" - "&'Pref-Fiscal'!T38 -> EV. 909 - 0005200-70.1996.8.24.0038
B22: ='Pref-Fiscal'!B39&" - "&'Pref-Fiscal'!C39 -> Estado de Santa Catarina - ICMS | C22: ='Pref-Fiscal'!R39 -> 12749.27 | E22: ='Pref-Fiscal'!S39&" - "&'Pref-Fiscal'!T39 -> EV. 909 - 0005200-70.1996.8.24.0038
B23: ='Pref-Fiscal'!B40&" - "&'Pref-Fiscal'!C40 -> Estado de Santa Catarina - ICMS | C23: ='Pref-Fiscal'!R40 -> 234.86 | E23: ='Pref-Fiscal'!S40&" - "&'Pref-Fiscal'!T40 -> EV. 909 - 0005200-70.1996.8.24.0038
B24: ='Pref-Fiscal'!B41&" - "&'Pref-Fiscal'!C41 -> Estado de Santa Catarina - ICMS | C24: ='Pref-Fiscal'!R41 -> 598.56 | E24: ='Pref-Fiscal'!S41&" - "&'Pref-Fiscal'!T41 -> EV. 909 - 0005200-70.1996.8.24.0038
B25: ='Pref-Fiscal'!B42&" - "&'Pref-Fiscal'!C42 -> Estado de Santa Catarina - ICMS | C25: ='Pref-Fiscal'!R42 -> 510.37 | E25: ='Pref-Fiscal'!S42&" - "&'Pref-Fiscal'!T42 -> EV. 909 - 0005200-70.1996.8.24.0038
B26: ='Pref-Fiscal'!B43&" - "&'Pref-Fiscal'!C43 -> Estado de Santa Catarina - ICMS | C26: ='Pref-Fiscal'!R43 -> 1028.04 | E26: ='Pref-Fiscal'!S43&" - "&'Pref-Fiscal'!T43 -> EV. 909 - 0005200-70.1996.8.24.0038
B27: ='Pref-Fiscal'!B44&" - "&'Pref-Fiscal'!C44 -> Estado de Santa Catarina - ICMS | C27: ='Pref-Fiscal'!R44 -> 1254.45 | E27: ='Pref-Fiscal'!S44&" - "&'Pref-Fiscal'!T44 -> EV. 909 - 0005200-70.1996.8.24.0038
B28: ='Pref-Fiscal'!B45&" - "&'Pref-Fiscal'!C45 -> Estado de Santa Catarina - ICMS | C28: ='Pref-Fiscal'!R45 -> 363.84 | E28: ='Pref-Fiscal'!S45&" - "&'Pref-Fiscal'!T45 -> EV. 909 - 0005200-70.1996.8.24.0038
B29: ='Pref-Fiscal'!B46&" - "&'Pref-Fiscal'!C46 -> Estado de Santa Catarina - ICMS | C29: ='Pref-Fiscal'!R46 -> 1761.11 | E29: ='Pref-Fiscal'!S46&" - "&'Pref-Fiscal'!T46 -> EV. 909 - 0005200-70.1996.8.24.0038
B30: ='Pref-Fiscal'!B47&" - "&'Pref-Fiscal'!C47 -> Estado de Santa Catarina - ICMS | C30: ='Pref-Fiscal'!R47 -> 3223.94 | E30: ='Pref-Fiscal'!S47&" - "&'Pref-Fiscal'!T47 -> EV. 909 - 0005200-70.1996.8.24.0038
... B71: ='Pref-Fiscal'!B88&" - "&'Pref-Fiscal'!C88 -> Estado de Santa Catarina - ICMS | C71: ='Pref-Fiscal'!R88 -> 2186.29 | E71: ='Pref-Fiscal'!S88&" - "&'Pref-Fiscal'!T88 -> EV. 909 - 0003291-90.1996.8.24.0038
B72: ='Pref-Fiscal'!B90&" - "&'Pref-Fiscal'!C90 -> Estado de Santa Catarina - FUNJURE | C72: ='Pref-Fiscal'!R90 -> 800.6715 | D72: =SUM(C72:C125) -> 15747.636 | E72: ='Pref-Fiscal'!S90&" - "&'Pref-Fiscal'!T90 -> - 0030402-31.1995.8.24.0023
B73: ='Pref-Fiscal'!B92&" - "&'Pref-Fiscal'!C92 -> Estado de Santa Catarina - FUNJURE | C73: ='Pref-Fiscal'!R92 -> 1081.7425 | E73: ='Pref-Fiscal'!S92&" - "&'Pref-Fiscal'!T92 -> - 0000542-62.1989.8.24.0033
B74: ='Pref-Fiscal'!B93&" - "&'Pref-Fiscal'!C93 -> Estado de Santa Catarina - FUNJURE | C74: ='Pref-Fiscal'!R93 -> 60.376 | E74: ='Pref-Fiscal'!S93&" - "&'Pref-Fiscal'!T93 -> - 0005200-70.1996.8.24.0038
B75: ='Pref-Fiscal'!B94&" - "&'Pref-Fiscal'!C94 -> Estado de Santa Catarina - FUNJURE | C75: ='Pref-Fiscal'!R94 -> 161.014 | E75: ='Pref-Fiscal'!S94&" - "&'Pref-Fiscal'!T94 -> - 0005200-70.1996.8.24.0038
B76: ='Pref-Fiscal'!B95&" - "&'Pref-Fiscal'!C95 -> Estado de Santa Catarina - FUNJURE | C76: ='Pref-Fiscal'!R95 -> 637.4635 | E76: ='Pref-Fiscal'!S95&" - "&'Pref-Fiscal'!T95 -> - 0005200-70.1996.8.24.0038
B77: ='Pref-Fiscal'!B96&" - "&'Pref-Fiscal'!C96 -> Estado de Santa Catarina - FUNJURE | C77: ='Pref-Fiscal'!R96 -> 11.743 | E77: ='Pref-Fiscal'!S96&" - "&'Pref-Fiscal'!T96 -> - 0005200-70.1996.8.24.0038
B78: ='Pref-Fiscal'!B97&" - "&'Pref-Fiscal'!C97 -> Estado de Santa Catarina - FUNJURE | C78: ='Pref-Fiscal'!R97 -> 29.928 | E78: ='Pref-Fiscal'!S97&" - "&'Pref-Fiscal'!T97 -> - 0005200-70.1996.8.24.0038
B79: ='Pref-Fiscal'!B98&" - "&'Pref-Fiscal'!C98 -> Estado de Santa Catarina - FUNJURE | C79: ='Pref-Fiscal'!R98 -> 25.5185 | E79: ='Pref-Fiscal'!S98&" - "&'Pref-Fiscal'!T98 -> - 0005200-70.1996.8.24.0038
B80: ='Pref-Fiscal'!B99&" - "&'Pref-Fiscal'!C99 -> Estado de Santa Catarina - FUNJURE | C80: ='Pref-Fiscal'!R99 -> 51.402 | E80: ='Pref-Fiscal'!S99&" - "&'Pref-Fiscal'!T99 -> - 0005200-70.1996.8.24.0038
B81: ='Pref-Fiscal'!B100&" - "&'Pref-Fiscal'!C100 -> Estado de Santa Catarina - FUNJURE | C81: ='Pref-Fiscal'!R100 -> 62.7225 | E81: ='Pref-Fiscal'!S100&" - "&'Pref-Fiscal'!T100 -> - 0005200-70.1996.8.24.0038
B82: ='Pref-Fiscal'!B101&" - "&'Pref-Fiscal'!C101 -> Estado de Santa Catarina - FUNJURE | C82: ='Pref-Fiscal'!R101 -> 18.192 | E82: ='Pref-Fiscal'!S101&" - "&'Pref-Fiscal'!T101 -> - 0005200-70.1996.8.24.0038
B83: ='Pref-Fiscal'!B102&" - "&'Pref-Fiscal'!C102 -> Estado de Santa Catarina - FUNJURE | C83: ='Pref-Fiscal'!R102 -> 88.0555 | E83: ='Pref-Fiscal'!S102&" - "&'Pref-Fiscal'!T102 -> - 0005200-70.1996.8.24.0038
B84: ='Pref-Fiscal'!B103&" - "&'Pref-Fiscal'!C103 -> Estado de Santa Catarina - FUNJURE | C84: ='Pref-Fiscal'!R103 -> 161.197 | E84: ='Pref-Fiscal'!S103&" - "&'Pref-Fiscal'!T103 -> - 0005200-70.1996.8.24.0038
... B125: ='Pref-Fiscal'!B144&" - "&'Pref-Fiscal'!C144 -> Estado de Santa Catarina - FUNJURE | C125: ='Pref-Fiscal'!R144 -> 109.3145 | E125: ='Pref-Fiscal'!S144&" - "&'Pref-Fiscal'!T144 -> - 0003291-90.1996.8.24.0038
B126: TOTAL DA CLASSE | C126: =SUM(C14:C125) -> 331760.27 | D126: =SUM(D14:D125) -> 331760.27
C128: =C126-'Pref-Fiscal'!R174 -> 0
B130: CRÉDITOS PREFERENCIAIS - ENCARGOS DA MASSA
B131: CREDOR | C131: Valor por crédito | D131: Valor consolidado | E131: REFERÊNCIA
B132: ='Pref-EncargoMassa'!B22 -> Municipio de Joinville | C132: ='Pref-EncargoMassa'!R22 -> 7750.74 | D132: =SUM(C132:C136) -> 55076.87 | E132: ='Pref-EncargoMassa'!S22&" - "&'Pref-EncargoMassa'!T22 -> Ev. 997 - Execução Fiscal n. 0903959-98.2017.8.24.0038 - CDA 4866/2017
B133: ='Pref-EncargoMassa'!B23 -> Municipio de Joinville | C133: ='Pref-EncargoMassa'!R23 -> 9189.37 | E133: ='Pref-EncargoMassa'!S23&" - "&'Pref-EncargoMassa'!T23 -> Ev. 997 - Execução Fiscal n. 5019527-26.2019.8.24.0038 - CDA 18965/2019
B134: ='Pref-EncargoMassa'!B24 -> Municipio de Joinville | C134: ='Pref-EncargoMassa'!R24 -> 8515.29 | E134: ='Pref-EncargoMassa'!S24&" - "&'Pref-EncargoMassa'!T24 -> Ev. 997 - Execução Fiscal n. 0902886-57.2018.8.24.0038 - CDA 9180/2018
B135: ='Pref-EncargoMassa'!B25 -> Municipio de Joinville | C135: ='Pref-EncargoMassa'!R25 -> 20202.54 | E135: ='Pref-EncargoMassa'!S25&" - "&'Pref-EncargoMassa'!T25 -> Ev. 997 - Execução Fiscal n. 5014350-53.2024.8.24.0023 - CDAs 1404 e 1405/2014
B136: ='Pref-EncargoMassa'!B26 -> Municipio de Joinville | C136: ='Pref-EncargoMassa'!R26 -> 9418.93 | E136: ='Pref-EncargoMassa'!S26&" - "&'Pref-EncargoMassa'!T26 -> Ev. 997 - Execução Fiscal n. 5088935-47.2022.8.24.0023 - CDAs 42608/2022
B137: TOTAL DA CLASSE | C137: =SUM(C132:C136) -> 55076.87 | D137: =SUM(D132:D136) -> 55076.87
B141: CRÉDITOS CONCURSAIS - QUIROGRAFÁRIOS
B142: CREDOR | C142: Valor por crédito
B143: ='Credores Quirografarios '!B5 -> 3M do Brasil Ltda | C143: ='Credores Quirografarios '!G5 -> 21.716484
B144: ='Credores Quirografarios '!B6 -> A B Loss e Cia Ltda | C144: ='Credores Quirografarios '!G6 -> 127.61423
B145: ='Credores Quirografarios '!B7 -> A C L Com. e Verduras Ltda | C145: ='Credores Quirografarios '!G7 -> 807.15084
B146: ='Credores Quirografarios '!B8 -> Acacio Jorge Bruno Neves | C146: ='Credores Quirografarios '!G8 -> 500.95023
B147: ='Credores Quirografarios '!B9 -> ACG-Industria Alimentícia Ltda | C147: ='Credores Quirografarios '!G9 -> 131.21832
B148: ='Credores Quirografarios '!B10 -> Adolar Kasulke | C148: ='Credores Quirografarios '!G10 -> 219.2795
B149: ='Credores Quirografarios '!B11 -> Agro Com. Novo Mundo Ltda | C149: ='Credores Quirografarios '!G11 -> 42.605498
B150: ='Credores Quirografarios '!B12 -> Agro Comercial Colombense Ltda | C150: ='Credores Quirografarios '!G12 -> 18.204335
B151: ='Credores Quirografarios '!B13 -> Agroeliane S/A Ind. de Alimentos | C151: ='Credores Quirografarios '!G13 -> 728.66992
B152: ='Credores Quirografarios '!B14 -> Ailiram S/A Produtos Alimentícios | C152: ='Credores Quirografarios '!G14 -> 283.63827
B153: ='Credores Quirografarios '!B15 -> Albercht Carnes Nobres Ltda | C153: ='Credores Quirografarios '!G15 -> 1100.3877
B154: ='Credores Quirografarios '!B16 -> Alceu Breda e Cia Ltda | C154: ='Credores Quirografarios '!G16 -> 117.00423
... B436: ='Credores Quirografarios '!B298 -> York S/A Ind. Com. | C436: ='Credores Quirografarios '!G298 -> 123.25623
B437: TOTAL DA CLASSE | C437: =SUM(C143:C436) -> 191702.01
C439: =C437-'Credores Quirografarios '!G299 -> 0

Sheet PMJ
B2: Evento 997
B3: Execução | C3: CDA | D3: Ref | F3: Original | I3: INPC acumulado - 07/2026 | J3: Atualizado
E4: Vencimento | F4: Tributo | G4: Honorários | H4: Total | J4: Tributo | K4: Honorários | L4: Total
B5: 0903959-98.2017.8.24.0038 | C5: 4866/2017 | D5: IPTU 2015 | E5: 42011 | F5: 7750.74 | G5: 775.1 | H5: =SUM(F5:G5) -> 8525.84 | I5: =INPC!E303 -> 0.86616949 | J5: =ROUND(F5*(1+I5),2) -> 14464.19 | K5: =ROUND(J5*10%,2) -> 1446.42 | L5: =SUM(J5:K5) -> 15910.61
B6: 0902886-57.2018.8.24.0038 | C6: 9180/2018 | D6: IPTU 2016 | E6: 60638 | F6: 8515.29 | G6: 851.5 | H6: =SUM(F6:G6) -> 9366.79 | I6: =INPC!E315 -> 0.67706128 | J6: =ROUND(F6*(1+I6),2) -> 14280.66 | K6: =ROUND(J6*10%,2) -> 1428.07 | L6: =SUM(J6:K6) -> 15708.73
B7: 5019527-26.2019.8.24.0038 | C7: 18965/2019 | D7: IPTU 2017 | E7: 42740 | F7: 9189.37 | G7: 918.9 | H7: =SUM(F7:G7) -> 10108.27 | I7: =INPC!E327 -> 0.57352397 | J7: =ROUND(F7*(1+I7),2) -> 14459.69 | K7: =ROUND(J7*10%,2) -> 1445.97 | L7: =SUM(J7:K7) -> 15905.66
B8: 5088935-47.2022.8.24.0023 | C8: 42608/2022 | D8: IPTU 2018 | E8: 43105 | F8: 9418.93 | G8: 941.89 | H8: =SUM(F8:G8) -> 10360.82 | I8: =INPC!E339 -> 0.54165895 | J8: =ROUND(F8*(1+I8),2) -> 14520.78 | K8: =ROUND(J8*10%,2) -> 1452.08 | L8: =SUM(J8:K8) -> 15972.86
B9: 5014350-53.2024.8.24.0023 | C9: 1404 e 1405/2024 | D9: IPTU 2019 | E9: 43472 | F9: =992.89*9+992.82 -> 9928.83 | G9: =99.29*10-0.01 -> 992.89 | H9: =SUM(F9:G9) -> 10921.72 | I9: =INPC!E351 -> 0.49047667 | J9: =ROUND(F9*(1+I9),2) -> 14798.69 | K9: =ROUND(J9*10%,2) -> 1479.87 | L9: =SUM(J9:K9) -> 16278.56
D10: IPTU 2020 | E10: 43837 | F10: =1027.37*10+0.01 -> 10273.71 | G10: =102.74*10 -> 1027.4 | H10: =SUM(F10:G10) -> 11301.11 | I10: =INPC!E363 -> 0.4265448 | J10: =ROUND(F10*(1+I10),2) -> 14655.91 | K10: =ROUND(J10*10%,2) -> 1465.59 | L10: =SUM(J10:K10) -> 16121.5
B11: TOTAL | F11: =SUM(F5:F10) -> 55076.87 | G11: =SUM(G5:G10) -> 5507.68 | H11: =SUM(H5:H10) -> 60584.55 | J11: =SUM(J5:J10) -> 87179.92 | K11: =SUM(K5:K10) -> 8718 | L11: =SUM(L5:L10) -> 95897.92

Sheet INPC
A1: Moeda | B1: Fator moeda | C1: Mês | D1: % Mês | E1: Acumulado até 07/2026
A2: NCz$ | B2: 1 | C2: 39783 | D2: 0.5128 | E2: =(1+E3)*(1+D2)-1 -> 3686340.2
A3: NCz$ | B3: 1 | C3: 32874 | D3: 0.6819 | E3: =(1+E4)*(1+D3)-1 -> 2436766
A4: NCz$ | B4: 1 | C4: 32905 | D4: 0.7399 | E4: =(1+E5)*(1+D4)-1 -> 1448817
A5: Cr$ | B5: /1000 | C5: 32933 | D5: 0.8218 | E5: =(1+E6)*(1+D5)-1 -> 832700.89
A6: Cr$ | B6: /1000 | C6: 32964 | D6: 0.1467 | E6: =(1+E7)*(1+D6)-1 -> 457075.46
A7: Cr$ | B7: /1000 | C7: 32994 | D7: 0.0731 | E7: =(1+E8)*(1+D7)-1 -> 398600.6
A8: Cr$ | B8: /1000 | C8: 33025 | D8: 0.1164 | E8: =(1+E9)*(1+D8)-1 -> 371447.7
A9: Cr$ | B9: /1000 | C9: 33055 | D9: 0.1262 | E9: =(1+E10)*(1+D9)-1 -> 332719.09
A10: Cr$ | B10: /1000 | C10: 33086 | D10: 0.1218 | E10: =(1+E11)*(1+D10)-1 -> 295435.06
A11: Cr$ | B11: /1000 | C11: 33117 | D11: 0.1426 | E11: =(1+E12)*(1+D11)-1 -> 263357.94
A12: Cr$ | B12: /1000 | C12: 33147 | D12: 0.1443 | E12: =(1+E13)*(1+D12)-1 -> 230489.93
A13: Cr$ | B13: /1000 | C13: 33178 | D13: 0.1692 | E13: =(1+E14)*(1+D13)-1 -> 201424.26
A14: Cr$ | B14: /1000 | C14: 33208 | D14: 0.1914 | E14: =(1+E15)*(1+D14)-1 -> 172275.14
A15: Cr$ | B15: /1000 | C15: 33239 | D15: 0.2095 | E15: =(1+E16)*(1+D15)-1 -> 144598.75
A16: Cr$ | B16: /1000 | C16: 33270 | D16: 0.202 | E16: =(1+E17)*(1+D16)-1 -> 119552.33
... A56: CR$ | B56: /2750 | C56: 34486 | D56: 0.4824 | E56: =(1+E57)*(1+D56)-1 -> 12.41475
A57: R$ | C57: 34516 | D57: 0.0775 | E57: =(1+E58)*(1+D57)-1 -> 8.0493453
A58: R$ | C58: 34547 | D58: 0.0185 | E58: =(1+E59)*(1+D58)-1 -> 7.3984643
A59: R$ | C59: 34578 | D59: 0.014 | E59: =(1+E60)*(1+D59)-1 -> 7.2459149
A60: R$ | C60: 34608 | D60: 0.0282 | E60: =(1+E61)*(1+D60)-1 -> 7.132066
A61: R$ | C61: 34639 | D61: 0.0296 | E61: =(1+E62)*(1+D61)-1 -> 6.9090313
A62: R$ | C62: 34669 | D62: 0.017 | E62: =(1+E63)*(1+D62)-1 -> 6.6816543
A63: R$ | C63: 34700 | D63: 0.0144 | E63: =(1+E64)*(1+D63)-1 -> 6.5532491
A64: R$ | C64: 34731 | D64: 0.0101 | E64: =(1+E65)*(1+D64)-1 -> 6.4460263
A65: R$ | C65: 34759 | D65: 0.0162 | E65: =(1+E66)*(1+D65)-1 -> 6.3715734
A66: R$ | C66: 34790 | D66: 0.0249 | E66: =(1+E67)*(1+D66)-1 -> 6.2540577
A67: R$ | C67: 34820 | D67: 0.021 | E67: =(1+E68)*(1+D67)-1 -> 6.07782
A68: R$ | C68: 34851 | D68: 0.0218 | E68: =(1+E69)*(1+D68)-1 -> 5.9322429
... A378: R$ | C378: 44287 | D378: 0.0038 | E378: =(1+E379)*(1+D378)-1 -> 0.32682356
C379: 44317 | D379: 0.0096 | E379: =(1+E380)*(1+D379)-1 -> 0.32180071
C380: 44348 | D380: 0.006 | E380: =(1+E381)*(1+D380)-1 -> 0.30923209
C381: 44378 | D381: 0.0102 | E381: =(1+E382)*(1+D381)-1 -> 0.30142355
C382: 44409 | D382: 0.0088 | E382: =(1+E383)*(1+D382)-1 -> 0.28828306
C383: 44440 | D383: 0.012 | E383: =(1+E384)*(1+D383)-1 -> 0.27704506
C384: 44470 | D384: 0.0116 | E384: =(1+E385)*(1+D384)-1 -> 0.26190223
C385: 44501 | D385: 0.0084 | E385: =(1+E386)*(1+D385)-1 -> 0.24743202
C386: 44531 | D386: 0.0073 | E386: =(1+E387)*(1+D386)-1 -> 0.23704088
C387: 44562 | D387: 0.0067 | E387: =(1+E388)*(1+D387)-1 -> 0.22807593
C388: 44593 | D388: 0.01 | E388: =(1+E389)*(1+D388)-1 -> 0.21990258
C389: 44621 | D389: 0.0171 | E389: =(1+E390)*(1+D389)-1 -> 0.20782433
C390: 44652 | D390: 0.0104 | E390: =(1+E391)*(1+D390)-1 -> 0.18751778
... C438: 46113 | D438: 0.0081 | E438: =(1+E439)*(1+D438)-1 -> 0.0081
C439: 46143 | D439: 0.0065
C440: 46174 | D440: 0.0014
C441: 46204 | D441: -0.0001 | E441: =(1+E442)*(1+D441)-1 -> -0.0001
C442: 46235
C443: 46266

Sheet Pref-Trabalhistas
B2: Quadro 2- CREDORES PREFERENCIAIS TRABALHISTAS
B3: CREDOR | C3: CNPJ | D3: Vlr. Original | E3: Vlr. Atualizado até: | F3: OBSERVAÇÃO
E4: 46234
B5: Municipio de Joinville | D5: =PMJ!G5 -> 775.1 | E5: =PMJ!K5 -> 1446.42 | F5: EV. 997 - Execução Fiscal n. 0903959-98.2017.8.24.0038
B6: Municipio de Joinville | D6: =PMJ!G6 -> 851.5 | E6: =PMJ!K6 -> 1428.07 | F6: EV. 997 - Execução Fiscal n. 0902886-57.2018.8.24.0038
B7: Municipio de Joinville | D7: =PMJ!G7 -> 918.9 | E7: =PMJ!K7 -> 1445.97 | F7: EV. 997 - Execução Fiscal n. 5019527-26.2019.8.24.0038
B8: Municipio de Joinville | D8: =PMJ!G8 -> 941.89 | E8: =PMJ!K8 -> 1452.08 | F8: EV. 997 - Execução Fiscal n. 5088935-47.2022.8.24.0023
B9: Municipio de Joinville | D9: =PMJ!G9+PMJ!G10 -> 2020.29 | E9: =PMJ!K9+PMJ!K10 -> 2945.46 | F9: EV. 997 - Execução Fiscal n. 5014350-53.2024.8.24.0023
B11: TOTAL | D11: =SUM(D5:D10) -> 5507.68 | E11: =SUM(E5:E10) -> 8718

Sheet Pref-Fiscal
B2: Quadro 3- CREDITOS PREFERENCIAIS FISCAIS
B3: CREDOR | C3: TIPO | D3: INSCRIÇÃO | E3: REVISÃO AJ | H3: REVISÃO AJ 27/02/19 | K3: REVISÃO AJ 10/08/20 | N3: REVISÃO AJ 30/04/2025 | P3: REVISÃO AJ 30/04/2025 | R3: REVISÃO AJ 31/05/2026 | T3: OBSERVAÇÃO
E4: VALOR | F4: DATA DA ATUALIZAÇÃO | G4: DATA DA ATUALIZAÇÃO | H4: VALOR | I4: DATA DA ATUALIZAÇÃO | J4: REFERÊNCIA | K4: VALOR | L4: DATA DA ATUALIZAÇÃO | M4: REFERÊNCIA | N4: VALOR | O4: REFERÊNCIA | P4: VALOR | Q4: REFERÊNCIA | R4: VALOR | S4: REFERÊNCIA
B5: União | C5: Dívida Ativa | D5: 91 2 94 000529-90 | E5: 3838.95 | F5: 42135 | G5: 42135 | H5: 3838.95 | I5: 42135 | J5: Fls. 280-286 | K5: 3838.95 | L5: 42135 | M5: Fls. 280-286 | N5: 0 | P5: 0 | Q5: EV.910 | R5: 0 | T5: excluído
B6: União | C6: Dívida Ativa | D6: 91 5 94 000603-67 | E6: 3033.36 | F6: 42135 | G6: 42135 | H6: 3033.36 | I6: 42135 | J6: Fls. 280-286 | K6: 3033.36 | L6: 42135 | M6: Fls. 280-286 | N6: 3033.36 | O6: Ev. 353 | P6: 0 | Q6: EV.910 | R6: 0 | T6: 91 5 94 000603-67
B7: União | C7: Dívida Ativa | D7: 91 5 94 000987-63 | E7: 3033.36 | F7: 42135 | G7: 42135 | H7: 3033.36 | I7: 42135 | J7: Fls. 280-286 | K7: 3033.36 | L7: 42135 | M7: Fls. 280-286 | N7: 3033.36 | O7: Ev. 353 | P7: 0 | Q7: EV.910 | R7: 0 | T7: 91 5 94 000987-63
B8: União | C8: Dívida Ativa | D8: 91 6 93 000561-28 | E8: 908.7 | F8: 42135 | G8: 42135 | H8: 908.7 | I8: 42135 | J8: Fls. 280-286 | K8: 908.7 | L8: 42135 | M8: Fls. 280-286 | N8: 908.7 | O8: Ev. 353 | P8: 0 | Q8: EV.910 | R8: 0 | T8: 91 6 93 000561-28
B9: União | C9: Dívida Ativa | D9: 91 6 94 000662-06 | E9: 16838.64 | F9: 42135 | G9: 42135 | H9: 16838.64 | I9: 42135 | J9: Fls. 280-286 | K9: 16838.64 | L9: 42135 | M9: Fls. 280-286 | N9: 16838.64 | O9: Ev. 353 | P9: 0 | Q9: EV.910 | R9: 0 | T9: 91 6 94 000662-06
B10: União | C10: Dívida Ativa | D10: 91 6 97 030356-84 | E10: 510.14 | F10: 42135 | G10: 42135 | H10: 510.14 | I10: 42135 | J10: Fls. 280-286 | K10: 510.14 | L10: 42135 | M10: Fls. 280-286 | N10: 510.14 | O10: Ev. 353 | P10: 0 | Q10: EV.910 | R10: 0 | T10: 91 6 97 030356-84
B11: União | C11: Dívida Ativa | D11: 91 6 97 030362-22 | E11: 3577.14 | F11: 42135 | G11: 42135 | H11: 0 | K11: 0 | N11: 3355.15 | O11: Ev. 353 | P11: 0 | Q11: EV.910 | R11: 0 | T11: 91 6 97 030409-20
B12: União | C12: Dívida Ativa | D12: 91 6 97 030378-90 | E12: 3602.34 | F12: 42135 | G12: 42135 | H12: 0 | K12: 0 | N12: 18484.2 | O12: Ev. 353 | P12: 0 | Q12: EV.910 | R12: 0 | T12: 91 6 94 000269-02
B13: União | C13: Dívida Ativa | D13: 91 6 97 030399-14 | E13: 3602.34 | F13: 42135 | G13: 42135 | H13: 0 | K13: 0 | N13: 6903.6 | O13: Ev. 353 | P13: 0 | Q13: EV.910 | R13: 0 | T13: 316617202
B14: União | C14: Dívida Ativa | D14: 91 6 97 030400-92 | E14: 3606.98 | F14: 42135 | G14: 42135 | H14: 0 | K14: 0 | N14: 2231.62 | O14: Ev. 353 | P14: 0 | Q14: EV.910 | R14: 0 | T14: 316617210
B15: União | C15: Dívida Ativa | D15: 91 6 97 030401-73 | E15: 2698.27 | F15: 42135 | G15: 42135 | H15: 0 | K15: 0 | N15: 103.18 | O15: Ev. 529 | P15: 0 | Q15: EV.910 | R15: 0 | T15: 316617300
B16: União | C16: Dívida Ativa | D16: 91 6 97 030402-54 | E16: 1299.8 | F16: 42135 | G16: 42135 | H16: 0 | K16: 0 | N16: 123.36 | O16: Ev. 529 | P16: 0 | Q16: EV.910 | R16: 0 | T16: 316617288
B17: União | C17: Dívida Ativa | D17: 91 6 97 030403-35 | E17: 8982.68 | F17: 42135 | G17: 42135 | H17: 0 | K17: 0 | N17: 93.83 | O17: Ev. 868 | P17: 0 | Q17: EV.910 | R17: 93.83 | S17: Ev. 868 | T17: 316617350
B18: União | C18: Dívida Ativa | D18: 91 6 97 030404-16 | E18: 4854.78 | F18: 42135 | G18: 42135 | H18: 0 | K18: 0 | N18: 134.77 | O18: Ev. 868 | P18: 0 | Q18: EV.910 | R18: 134.77 | S18: Ev. 868 | T18: 316617342
B19: União | C19: Dívida Ativa | D19: 91 6 97 030405-05 | E19: 7007.37 | F19: 42135 | G19: 42135 | H19: 0 | K19: 0 | N19: 366.88 | O19: Ev. 868 | P19: 0 | Q19: EV.910 | R19: 366.88 | S19: Ev. 868 | T19: 316617334
B20: União | C20: Dívida Ativa | D20: 91 6 97 030406-88 | E20: 4123.29 | F20: 42135 | G20: 42135 | H20: 0 | K20: 0 | N20: 464.43 | O20: Ev. 868 | P20: 0 | Q20: EV.910 | R20: 464.43 | S20: Ev. 868 | T20: 316617199
B21: União | C21: Dívida Ativa | D21: 91 6 97 030407-69 | E21: 1798.81 | F21: 42135 | G21: 42135 | H21: 0 | K21: 0 | N21: 821.25 | O21: Ev. 529 | P21: 0 | Q21: EV.910 | R21: 0 | T21: 316617270
B22: União | C22: Dívida Ativa | D22: 91 6 97 030408-40 | E22: 6279.72 | F22: 42135 | G22: 42135 | H22: 0 | K22: 0 | N22: 1342.92 | O22: Ev. 529 | P22: 0 | Q22: EV.910 | R22: 0 | T22: 316617253
B23: União | C23: Dívida Ativa | D23: 91 6 97 030409-20 | E23: 3355.15 | F23: 42135 | G23: 42135 | H23: 3355.15 | J23: Fls. 280-286 | K23: 3355.15 | M23: Fls. 280-286 | N23: 2304.42 | O23: Ev. 529 | P23: 0 | Q23: EV.910 | R23: 0 | T23: 316617180
B24: União | C24: Dívida Ativa | D24: 91 6 97 030410-64 | E24: 3597.66 | F24: 42135 | G24: 42135 | H24: 0 | K24: 0 | N24: 2340.03 | O24: Ev. 529 | P24: 0 | Q24: EV.910 | R24: 0 | T24: 316617261
B25: União | C25: Dívida Ativa | D25: 91 6 97 030411-45 | E25: 14728.18 | F25: 42135 | G25: 42135 | H25: 0 | K25: 0 | N25: 2603.02 | O25: Ev. 529 | P25: 0 | Q25: EV.910 | R25: 0 | T25: 316617237
B26: União | C26: Dívida Ativa | D26: 91 6 97 030412-26 | E26: 1299.8 | F26: 42135 | G26: 42135 | H26: 0 | K26: 0 | N26: 3933.02 | O26: Ev. 529 | P26: 0 | Q26: EV.910 | R26: 0 | T26: 316617245
B27: União | C27: Dívida Ativa | D27: 91 6 97 030413-07 | E27: 908.7 | F27: 42135 | G27: 42135 | H27: 0 | K27: 0 | N27: 7639.32 | O27: Ev. 529 | P27: 0 | Q27: EV.910 | R27: 0 | T27: 316617229
B28: União | C28: Dívida Ativa | D28: 91 6 97 030414-98 | E28: 2722.65 | F28: 42135 | G28: 42135 | H28: 0 | K28: 0 | R28: 0
B29: União | C29: Dívida Ativa | D29: 91 6 97 030415-79 | E29: 3607.77 | F29: 42135 | G29: 42135 | H29: 0 | K29: 0 | R29: 0
B30: União | C30: Dívida Ativa | D30: 91 6 94 000269-02 | E30: 18484.2 | F30: 42135 | G30: 42135 | H30: 18484.2 | J30: Fls. 280-286 | K30: 18484.2 | M30: Fls. 280-286 | R30: 0
B31: União | C31: Dívida Ativa | D31: 316617202 | H31: 6903.6 | I31: 42135 | J31: Fls. 287 | K31: 6903.6 | L31: 42135 | M31: Fls. 287 | R31: 0
B32: União | C32: Dívida Ativa | D32: 316617210 | H32: 2231.62 | I32: 42135 | J32: Fls. 287 | K32: 2231.62 | L32: 42135 | M32: Fls. 287 | R32: 0
B33: Estado de Santa Catarina | C33: ICMS | D33: 1101000387 | E33: 61.22 | F33: 42139 | G33: 42139 | H33: 61.22 | I33: 42139 | J33: Fls. 294 | K33: 61.22 | L33: 43364 | M33: Ev. 480 | N33: 0 | O33: EV. 870 -ALTERADO PARA CLASSE DE MULTA | P33: 0 | Q33: EV. 870 -ALTERADO PARA CLASSE DE MULTA | R33: 0 | T33: 0051131-78.1995.8.24.0023 | X33: 1101000387 | Y33: 0 | Z33: =D33=X33 -> TRUE
B34: Estado de Santa Catarina | C34: ICMS | D34: 1101001288 | E34: 80802.99 | F34: 42139 | G34: 42139 | H34: 80802.99 | I34: 42139 | J34: Fls. 299 | K34: 16013.43 | L34: 43364 | M34: Ev. 480 | N34: 16013.43 | O34: EV. 870 | R34: 16013.43 | S34: EV. 909 | T34: 0030402-31.1995.8.24.0023 | X34: 1101001288 | Y34: 16013.43 | Z34: =D34=X34 -> TRUE
B35: Estado de Santa Catarina | C35: ICMS | D35: 1101005491 | E35: 282.94 | F35: 42139 | G35: 42139 | H35: 282.94 | I35: 42139 | J35: Fls. 299 | K35: 282.94 | L35: 43364 | M35: Ev. 480 | N35: 0 | O35: EV. 870 | R35: 0 | S35: EV. 909 | T35: 0005200-70.1996.8.24.0038 | X35: 1101005491 | Y35: 0 | Z35: =D35=X35 -> TRUE
B36: Estado de Santa Catarina | C36: ICMS | D36: 2101317567 | E36: 76224.29 | F36: 42139 | G36: 42139 | H36: 76224.29 | I36: 42139 | J36: Fls. 296 | K36: 21634.85 | L36: 43364 | M36: Ev. 480 | N36: 21634.85 | O36: EV. 870 | R36: 21634.85 | S36: EV. 909 | T36: 0000542-62.1989.8.24.0033 | X36: 2101317567 | Y36: 21634.85 | Z36: =D36=X36 -> TRUE
B37: Estado de Santa Catarina | C37: ICMS | D37: 5101002787 | H37: 1207.52 | I37: 43418 | J37: Fls. 480 | K37: 1207.52 | L37: 43364 | M37: Ev. 480 | N37: 1207.52 | O37: EV. 870 | R37: 1207.52 | S37: EV. 909 | T37: 0005200-70.1996.8.24.0038 | X37: 5101002787 | Y37: 1207.52 | Z37: =D37=X37 -> TRUE
B38: Estado de Santa Catarina | C38: ICMS | D38: 5101002887 | H38: 3220.28 | I38: 43418 | J38: Fls. 480 | K38: 3220.28 | L38: 43364 | M38: Ev. 480 | N38: 3220.28 | O38: EV. 870 | R38: 3220.28 | S38: EV. 909 | T38: 0005200-70.1996.8.24.0038 | X38: 5101002887 | Y38: 3220.28 | Z38: =D38=X38 -> TRUE
B39: Estado de Santa Catarina | C39: ICMS | D39: 5101002987 | E39: 44417.33 | F39: 42139 | G39: 42139 | H39: 44417.33 | I39: 42139 | J39: Fls. 297 | K39: 12749.27 | L39: 43364 | M39: Ev. 480 | N39: 12749.27 | O39: EV. 870 | R39: 12749.27 | S39: EV. 909 | T39: 0005200-70.1996.8.24.0038 | X39: 5101002987 | Y39: 12749.27 | Z39: =D39=X39 -> TRUE
B40: Estado de Santa Catarina | C40: ICMS | D40: 5101003187 | E40: 814.52 | F40: 42139 | G40: 42139 | H40: 814.52 | I40: 42139 | J40: Fls. 297 | K40: 234.86 | L40: 43364 | M40: Ev. 480 | N40: 234.86 | O40: EV. 870 | R40: 234.86 | S40: EV. 909 | T40: 0005200-70.1996.8.24.0038 | X40: 5101003187 | Y40: 234.86 | Z40: =D40=X40 -> TRUE
B41: Estado de Santa Catarina | C41: ICMS | D41: 5101003287 | H41: 598.57 | I41: 43418 | J41: Fls. 480 | K41: 598.56 | L41: 43364 | M41: Ev. 480 | N41: 598.56 | O41: EV. 870 | R41: 598.56 | S41: EV. 909 | T41: 0005200-70.1996.8.24.0038 | X41: 5101003287 | Y41: 598.56 | Z41: =D41=X41 -> TRUE
B42: Estado de Santa Catarina | C42: ICMS | D42: 5101003387 | H42: 510.37 | I42: 43418 | J42: Fls. 480 | K42: 510.37 | L42: 43364 | M42: Ev. 480 | N42: 510.37 | O42: EV. 870 | R42: 510.37 | S42: EV. 909 | T42: 0005200-70.1996.8.24.0038 | X42: 5101003387 | Y42: 510.37 | Z42: =D42=X42 -> TRUE
B43: Estado de Santa Catarina | C43: ICMS | D43: 5101003487 | H43: 1028.04 | I43: 43418 | J43: Fls. 480 | K43: 1028.04 | L43: 43364 | M43: Ev. 480 | N43: 1028.04 | O43: EV. 870 | R43: 1028.04 | S43: EV. 909 | T43: 0005200-70.1996.8.24.0038 | X43: 5101003487 | Y43: 1028.04 | Z43: =D43=X43 -> TRUE
B44: Estado de Santa Catarina | C44: ICMS | D44: 5101003587 | H44: 1254.45 | I44: 43418 | J44: Fls. 480 | K44: 1254.45 | L44: 43364 | M44: Ev. 480 | N44: 1254.45 | O44: EV. 870 | R44: 1254.45 | S44: EV. 909 | T44: 0005200-70.1996.8.24.0038 | X44: 5101003587 | Y44: 1254.45 | Z44: =D44=X44 -> TRUE
B45: Estado de Santa Catarina | C45: ICMS | D45: 5101003687 | E45: 1261.83 | F45: 42139 | G45: 42139 | H45: 1261.83 | I45: 42139 | J45: Fls. 302 | K45: 363.84 | L45: 43364 | M45: Ev. 480 | N45: 363.84 | O45: EV. 870 | R45: 363.84 | S45: EV. 909 | T45: 0005200-70.1996.8.24.0038 | X45: 5101003687 | Y45: 363.84 | Z45: =D45=X45 -> TRUE
B46: Estado de Santa Catarina | C46: ICMS | D46: 5101003787 | H46: 1761.11 | I46: 43418 | J46: Fls. 480 | K46: 1761.11 | L46: 43364 | M46: Ev. 480 | N46: 1761.11 | O46: EV. 870 | R46: 1761.11 | S46: EV. 909 | T46: 0005200-70.1996.8.24.0038 | X46: 5101003787 | Y46: 1761.11 | Z46: =D46=X46 -> TRUE
B47: Estado de Santa Catarina | C47: ICMS | D47: 5101003887 | H47: 3223.94 | I47: 43418 | J47: Fls. 480 | K47: 3223.94 | L47: 43364 | M47: Ev. 480 | N47: 3223.94 | O47: EV. 870 | R47: 3223.94 | S47: EV. 909 | T47: 0005200-70.1996.8.24.0038 | X47: 5101003887 | Y47: 3223.94 | Z47: =D47=X47 -> TRUE
B48: Estado de Santa Catarina | C48: ICMS | D48: 5101003987 | E48: 114471.49 | F48: 42139 | G48: 42139 | H48: 114471.49 | I48: 42139 | J48: Fls. 303 | K48: 33007.08 | L48: 43364 | M48: Ev. 480 | N48: 33007.08 | O48: EV. 870 | R48: 33007.08 | S48: EV. 909 | T48: 0005200-70.1996.8.24.0038 | X48: 5101003987 | Y48: 33007.08 | Z48: =D48=X48 -> TRUE
B49: Estado de Santa Catarina | C49: ICMS | D49: 5101004087 | E49: 5052.17 | F49: 42139 | G49: 42139 | H49: 5052.17 | I49: 42139 | J49: Fls. 301 | K49: 1456.76 | L49: 43364 | M49: Ev. 480 | N49: 1456.76 | O49: EV. 870 | R49: 1456.76 | S49: EV. 909 | T49: 0005200-70.1996.8.24.0038 | X49: 5101004087 | Y49: 1456.76 | Z49: =D49=X49 -> TRUE
B50: Estado de Santa Catarina | C50: ICMS | D50: 5101004187 | E50: 27532.86 | F50: 42139 | G50: 42139 | H50: 27532.86 | I50: 42139 | J50: Fls. 296 | K50: 7938.91 | L50: 43364 | M50: Ev. 480 | N50: 7938.91 | O50: EV. 870 | R50: 7938.91 | S50: EV. 909 | T50: 0005200-70.1996.8.24.0038 | X50: 5101004187 | Y50: 7938.91 | Z50: =D50=X50 -> TRUE
B51: Estado de Santa Catarina | C51: ICMS | D51: 5101004287 | H51: 2008.14 | I51: 43418 | J51: Fls. 480 | K51: 2008.14 | L51: 43364 | M51: Ev. 480 | N51: 2008.14 | O51: EV. 870 | R51: 2008.14 | S51: EV. 909 | T51: 0005200-70.1996.8.24.0038 | X51: 5101004287 | Y51: 2008.14 | Z51: =D51=X51 -> TRUE
B52: Estado de Santa Catarina | C52: ICMS | D52: 5101004387 | H52: 2545.75 | I52: 43418 | J52: Fls. 480 | K52: 2545.75 | L52: 43364 | M52: Ev. 480 | N52: 2545.75 | O52: EV. 870 | R52: 2545.75 | S52: EV. 909 | T52: 0005200-70.1996.8.24.0038 | X52: 5101004387 | Y52: 2545.75 | Z52: =D52=X52 -> TRUE
B53: Estado de Santa Catarina | C53: ICMS | D53: 5101004487 | E53: 8520.18 | F53: 42139 | G53: 42139 | H53: 8520.18 | I53: 42139 | J53: Fls. 302 | K53: 2445.58 | L53: 43364 | M53: Ev. 480 | N53: 2445.58 | O53: EV. 870 | R53: 2445.58 | S53: EV. 909 | T53: 0005200-70.1996.8.24.0038 | X53: 5101004487 | Y53: 2445.58 | Z53: =D53=X53 -> TRUE
B54: Estado de Santa Catarina | C54: ICMS | D54: 5101004587 | E54: 11877.55 | F54: 42139 | G54: 42139 | H54: 11877.55 | I54: 42139 | J54: Fls. 301 | K54: 3409.26 | L54: 43364 | M54: Ev. 480 | N54: 3409.26 | O54: EV. 870 | R54: 3409.26 | S54: EV. 909 | T54: 0005200-70.1996.8.24.0038 | X54: 5101004587 | Y54: 3409.26 | Z54: =D54=X54 -> TRUE
B55: Estado de Santa Catarina | C55: ICMS | D55: 5101004687 | E55: 35976.24 | F55: 42139 | G55: 42139 | H55: 35976.24 | I55: 42139 | J55: Fls. 296 | K55: 10326.4 | L55: 43364 | M55: Ev. 480 | N55: 10326.4 | O55: EV. 870 | R55: 10326.4 | S55: EV. 909 | T55: 0005200-70.1996.8.24.0038 | X55: 5101004687 | Y55: 10326.4 | Z55: =D55=X55 -> TRUE
B56: Estado de Santa Catarina | C56: ICMS | D56: 5101004787 | E56: 6022.83 | F56: 42139 | G56: 42139 | H56: 6022.83 | I56: 42139 | J56: Fls. 295 | K56: 1728.76 | L56: 43364 | M56: Ev. 480 | N56: 1728.76 | O56: EV. 870 | R56: 1728.76 | S56: EV. 909 | T56: 0005200-70.1996.8.24.0038 | X56: 5101004787 | Y56: 1728.76 | Z56: =D56=X56 -> TRUE
B57: Estado de Santa Catarina | C57: ICMS | D57: 5101004887 | E57: 103719.28 | F57: 42139 | G57: 42139 | H57: 103719.28 | I57: 42139 | J57: Fls. 303 | K57: 29770.93 | L57: 43364 | M57: Ev. 480 | N57: 29770.93 | O57: EV. 870 | R57: 29770.93 | S57: EV. 909 | T57: 0005200-70.1996.8.24.0038 | X57: 5101004887 | Y57: 29770.93 | Z57: =D57=X57 -> TRUE
B58: Estado de Santa Catarina | C58: ICMS | D58: 5101004987 | H58: 3526.91 | I58: 43418 | J58: Fls. 480 | K58: 3526.91 | L58: 43364 | M58: Ev. 480 | N58: 3526.91 | O58: EV. 870 | R58: 3526.91 | S58: EV. 909 | T58: 0005200-70.1996.8.24.0038 | X58: 5101004987 | Y58: 3526.91 | Z58: =D58=X58 -> TRUE
B59: Estado de Santa Catarina | C59: ICMS | D59: 5101005087 | H59: 1862.16 | I59: 43418 | J59: Fls. 480 | K59: 1862.16 | L59: 43364 | M59: Ev. 480 | N59: 1862.16 | O59: EV. 870 | R59: 1862.16 | S59: EV. 909 | T59: 0005200-70.1996.8.24.0038 | X59: 5101005087 | Y59: 1862.16 | Z59: =D59=X59 -> TRUE
B60: Estado de Santa Catarina | C60: ICMS | D60: 5101005187 | H60: 692.52 | I60: 43418 | J60: Fls. 480 | K60: 692.52 | L60: 43364 | M60: Ev. 480 | N60: 692.52 | O60: EV. 870 | R60: 692.52 | S60: EV. 909 | T60: 0005200-70.1996.8.24.0038 | X60: 5101005187 | Y60: 692.52 | Z60: =D60=X60 -> TRUE
B61: Estado de Santa Catarina | C61: ICMS | D61: 5101005287 | E61: 5086.76 | F61: 42139 | G61: 42139 | H61: 5086.76 | I61: 42139 | J61: Fls. 301 | K61: 1453.39 | L61: 43364 | M61: Ev. 480 | N61: 1453.39 | O61: EV. 870 | R61: 1453.39 | S61: EV. 909 | T61: 0005200-70.1996.8.24.0038 | X61: 5101005287 | Y61: 1453.39 | Z61: =D61=X61 -> TRUE
B62: Estado de Santa Catarina | C62: ICMS | D62: 5101005387 | E62: 11396.71 | F62: 42139 | G62: 42139 | H62: 11396.71 | I62: 42139 | J62: Fls. 295 | K62: 3256.26 | L62: 43364 | M62: Ev. 480 | N62: 3256.26 | O62: EV. 870 | R62: 3256.26 | S62: EV. 909 | T62: 0005200-70.1996.8.24.0038 | X62: 5101005387 | Y62: 3256.26 | Z62: =D62=X62 -> TRUE
B63: Estado de Santa Catarina | C63: ICMS | D63: 5101005487 | E63: 16046.38 | F63: 42139 | G63: 42139 | H63: 16046.38 | I63: 42139 | J63: Fls. 296 | K63: 4584.76 | L63: 43364 | M63: Ev. 480 | N63: 4584.76 | O63: EV. 870 | R63: 4584.76 | S63: EV. 909 | T63: 0005200-70.1996.8.24.0038 | X63: 5101005487 | Y63: 4584.76 | Z63: =D63=X63 -> TRUE
B64: Estado de Santa Catarina | C64: ICMS | D64: 5101005587 | E64: 23587.95 | F64: 42139 | G64: 42139 | H64: 23587.95 | I64: 42139 | J64: Fls. 297 | K64: 6739.54 | L64: 43364 | M64: Ev. 480 | N64: 6739.54 | O64: EV. 870 | R64: 6739.54 | S64: EV. 909 | T64: 0005200-70.1996.8.24.0038 | X64: 5101005587 | Y64: 6739.54 | Z64: =D64=X64 -> TRUE
B65: Estado de Santa Catarina | C65: ICMS | D65: 5101005687 | E65: 60863.33 | F65: 42139 | G65: 42139 | H65: 60863.33 | I65: 42139 | J65: Fls. 303 | K65: 17389.84 | L65: 43364 | M65: Ev. 480 | N65: 17389.84 | O65: EV. 870 | R65: 17389.84 | S65: EV. 909 | T65: 0005200-70.1996.8.24.0038 | X65: 5101005687 | Y65: 17389.84 | Z65: =D65=X65 -> TRUE
B66: Estado de Santa Catarina | C66: ICMS | D66: 5101005787 | H66: 994.78 | I66: 43418 | J66: Fls. 480 | K66: 994.78 | L66: 43364 | M66: Ev. 480 | N66: 994.78 | O66: EV. 870 | R66: 994.79 | S66: EV. 909 | T66: 0005200-70.1996.8.24.0038 | X66: 5101005787 | Y66: 994.79 | Z66: =D66=X66 -> TRUE
B67: Estado de Santa Catarina | C67: ICMS | D67: 5101005887 | E67: 4136.01 | F67: 42139 | G67: 42139 | H67: 4136.01 | I67: 42139 | J67: Fls. 298 | K67: 1181.74 | L67: 43364 | M67: Ev. 480 | N67: 1181.74 | O67: EV. 870 | R67: 1181.74 | S67: EV. 909 | T67: 0005200-70.1996.8.24.0038 | X67: 5101005887 | Y67: 1181.74 | Z67: =D67=X67 -> TRUE
B68: Estado de Santa Catarina | C68: ICMS | D68: 5101008587 | E68: 41734.52 | F68: 42139 | G68: 42139 | H68: 41734.52 | I68: 42139 | J68: Fls. 303 | K68: 11858.16 | L68: 43364 | M68: Ev. 480 | N68: 11858.16 | O68: EV. 870 | R68: 11858.16 | S68: EV. 909 | T68: 0005192-93.1996.8.24.0038 | X68: 5101008587 | Y68: 11858.16 | Z68: =D68=X68 -> TRUE
B69: Estado de Santa Catarina | C69: ICMS | D69: 5101008687 | E69: 12698.31 | F69: 42139 | G69: 42139 | H69: 12698.31 | I69: 42139 | J69: Fls. 296 | K69: 3608.01 | L69: 43364 | M69: Ev. 480 | N69: 3608.01 | O69: EV. 870 | R69: 3608.01 | S69: EV. 909 | T69: 0005192-93.1996.8.24.0038 | X69: 5101008687 | Y69: 3608.01 | Z69: =D69=X69 -> TRUE
B70: Estado de Santa Catarina | C70: ICMS | D70: 5101008787 | E70: 5637.26 | F70: 42139 | G70: 42139 | H70: 5637.26 | I70: 42139 | J70: Fls. 295 | K70: 1601.73 | L70: 43364 | M70: Ev. 480 | N70: 1601.73 | O70: EV. 870 | R70: 1601.73 | S70: EV. 909 | T70: 0005192-93.1996.8.24.0038 | X70: 5101008787 | Y70: 1601.73 | Z70: =D70=X70 -> TRUE
B71: Estado de Santa Catarina | C71: ICMS | D71: 5101008887 | E71: 4717.76 | F71: 42139 | G71: 42139 | H71: 4717.76 | I71: 42139 | J71: Fls. 298 | K71: 1340.47 | L71: 43364 | M71: Ev. 480 | N71: 1340.47 | O71: EV. 870 | R71: 1340.47 | S71: EV. 909 | T71: 0005192-93.1996.8.24.0038 | X71: 5101008887 | Y71: 1340.47 | Z71: =D71=X71 -> TRUE
B72: Estado de Santa Catarina | C72: ICMS | D72: 5101008987 | E72: 11505.2 | F72: 42139 | G72: 42139 | H72: 11505.2 | I72: 42139 | J72: Fls. 297 | K72: 3269.01 | L72: 43364 | M72: Ev. 480 | N72: 3269.01 | O72: EV. 870 | R72: 3269.01 | S72: EV. 909 | T72: 0005192-93.1996.8.24.0038 | X72: 5101008987 | Y72: 3269.01 | Z72: =D72=X72 -> TRUE
B73: Estado de Santa Catarina | C73: ICMS | D73: 5101009087 | E73: 5047.2 | F73: 42139 | G73: 42139 | H73: 5047.2 | I73: 42139 | J73: Fls. 301 | K73: 1434.07 | L73: 43364 | M73: Ev. 480 | N73: 1434.07 | O73: EV. 870 | R73: 1434.07 | S73: EV. 909 | T73: 0005192-93.1996.8.24.0038 | X73: 5101009087 | Y73: 1434.07 | Z73: =D73=X73 -> TRUE
B74: Estado de Santa Catarina | C74: ICMS | D74: 5101009187 | H74: 4149.34 | I74: 43418 | J74: Fls. 480 | K74: 4149.33 | L74: 43364 | M74: Ev. 480 | N74: 4149.33 | O74: EV. 870 | R74: 4149.33 | S74: EV. 909 | T74: 0005192-93.1996.8.24.0038 | X74: 5101009187 | Y74: 4149.33 | Z74: =D74=X74 -> TRUE
B75: Estado de Santa Catarina | C75: ICMS | D75: 5101009287 | H75: 846.16 | I75: 43418 | J75: Fls. 480 | K75: 846.17 | L75: 43364 | M75: Ev. 480 | N75: 846.17 | O75: EV. 870 | R75: 846.17 | S75: EV. 909 | T75: 0005192-93.1996.8.24.0038 | X75: 5101009287 | Y75: 846.17 | Z75: =D75=X75 -> TRUE
B76: Estado de Santa Catarina | C76: ICMS | D76: 5101009387 | E76: 1001.86 | F76: 42139 | G76: 42139 | H76: 1001.86 | I76: 42139 | J76: Fls. 302 | K76: 284.67 | L76: 43364 | M76: Ev. 480 | N76: 284.67 | O76: EV. 870 | R76: 284.67 | S76: EV. 909 | T76: 0005192-93.1996.8.24.0038 | X76: 5101009387 | Y76: 284.67 | Z76: =D76=X76 -> TRUE
B77: Estado de Santa Catarina | C77: ICMS | D77: 5101013587 | E77: 4278.47 | F77: 42139 | G77: 42139 | H77: 4278.47 | I77: 42139 | J77: Fls. 295 | K77: 1209.56 | L77: 43364 | M77: Ev. 480 | N77: 1209.56 | O77: EV. 870 | R77: 1209.56 | S77: EV. 909 | T77: 0005196-33.1996.8.24.0038 | X77: 5101013587 | Y77: 1209.56 | Z77: =D77=X77 -> TRUE
B78: Estado de Santa Catarina | C78: ICMS | D78: 5101013687 | E78: 48993.21 | F78: 42139 | G78: 42139 | H78: 48993.21 | I78: 42139 | J78: Fls. 303 | K78: 13850.86 | L78: 43364 | M78: Ev. 480 | N78: 13850.86 | O78: EV. 870 | R78: 13850.86 | S78: EV. 909 | T78: 0005196-33.1996.8.24.0038 | X78: 5101013687 | Y78: 13850.86 | Z78: =D78=X78 -> TRUE
B79: Estado de Santa Catarina | C79: ICMS | D79: 5101013787 | H79: 1338.25 | I79: 43418 | J79: Fls. 480 | K79: 1338.26 | L79: 43364 | M79: Ev. 480 | N79: 1338.26 | O79: EV. 870 | R79: 1338.26 | S79: EV. 909 | T79: 0005196-33.1996.8.24.0038 | X79: 5101013787 | Y79: 1338.26 | Z79: =D79=X79 -> TRUE
B80: Estado de Santa Catarina | C80: ICMS | D80: 5101013887 | E80: 1094.68 | F80: 42139 | G80: 42139 | H80: 1094.68 | I80: 42139 | J80: Fls. 298 | K80: 309.48 | L80: 43364 | M80: Ev. 480 | N80: 309.48 | O80: EV. 870 | R80: 309.48 | S80: EV. 909 | T80: 0005196-33.1996.8.24.0038 | X80: 5101013887 | Y80: 309.48 | Z80: =D80=X80 -> TRUE
B81: Estado de Santa Catarina | C81: ICMS | D81: 5101013987 | E81: 5738.6 | F81: 42139 | G81: 42139 | H81: 5738.6 | I81: 42139 | J81: Fls. 297 | K81: 1622.36 | L81: 43364 | M81: Ev. 480 | N81: 1622.36 | O81: EV. 870 | R81: 1622.36 | S81: EV. 909 | T81: 0005196-33.1996.8.24.0038 | X81: 5101013987 | Y81: 1622.36 | Z81: =D81=X81 -> TRUE
B82: Estado de Santa Catarina | C82: ICMS | D82: 5101014087 | E82: 10258.88 | F82: 42139 | G82: 42139 | H82: 10258.88 | I82: 42139 | J82: Fls. 296 | K82: 2900.29 | L82: 43364 | M82: Ev. 480 | N82: 2900.29 | O82: EV. 870 | R82: 2900.29 | S82: EV. 909 | T82: 0005196-33.1996.8.24.0038 | X82: 5101014087 | Y82: 2900.29 | Z82: =D82=X82 -> TRUE
B83: Estado de Santa Catarina | C83: ICMS | D83: 5101014187 | E83: 3539.5 | F83: 42139 | G83: 42139 | H83: 3539.5 | I83: 42139 | J83: Fls. 301 | K83: 1000.65 | L83: 43364 | M83: Ev. 480 | N83: 1000.65 | O83: EV. 870 | R83: 1000.65 | S83: EV. 909 | T83: 0005196-33.1996.8.24.0038 | X83: 5101014187 | Y83: 1000.65 | Z83: =D83=X83 -> TRUE
B84: Estado de Santa Catarina | C84: ICMS | D84: 5101016487 | H84: 2844.14 | I84: 43418 | J84: Fls. 480 | K84: 2844.13 | L84: 43364 | M84: Ev. 480 | N84: 2844.13 | O84: EV. 870 | R84: 2844.13 | S84: EV. 909 | T84: 0005192-93.1996.8.24.0038 | X84: 5101016487 | Y84: 2844.13 | Z84: =D84=X84 -> TRUE
B85: Estado de Santa Catarina | C85: ICMS | D85: 5101016587 | E85: 28911.74 | F85: 42139 | G85: 42139 | H85: 28911.74 | I85: 42139 | J85: Fls. 306 | K85: 8198.69 | L85: 43364 | M85: Ev. 480 | N85: 8198.69 | O85: EV. 870 | R85: 8198.69 | S85: EV. 909 | T85: 0005192-93.1996.8.24.0038 | X85: 5101016587 | Y85: 8198.69 | Z85: =D85=X85 -> TRUE
B86: Estado de Santa Catarina | C86: ICMS | D86: 5101016687 | E86: 12775.85 | F86: 42139 | G86: 42139 | H86: 12775.85 | I86: 42139 | J86: Fls. 305 | K86: 3619.5 | L86: 43364 | M86: Ev. 480 | N86: 3619.5 | O86: EV. 870 | R86: 3619.5 | S86: EV. 909 | T86: 0005192-93.1996.8.24.0038 | X86: 5101016687 | Y86: 3619.5 | Z86: =D86=X86 -> TRUE
B87: Estado de Santa Catarina | C87: ICMS | D87: 5101743887 | E87: 227443.72 | F87: 42139 | G87: 42139 | H87: 227443.72 | I87: 42139 | J87: Fls. 296 | K87: 47361.03 | L87: 43364 | M87: Ev. 480 | N87: 47361.03 | O87: EV. 870 | R87: 47361.03 | S87: EV. 909 | T87: - | X87: 5101743887 | Y87: 47361.03 | Z87: =D87=X87 -> TRUE
B88: Estado de Santa Catarina | C88: ICMS | D88: 5101743968 | E88: 10474.87 | F88: 42139 | G88: 42139 | H88: 10474.87 | I88: 42139 | J88: Fls. 298 | K88: 2186.29 | L88: 43364 | M88: Ev. 480 | N88: 2186.29 | O88: EV. 870 | R88: 2186.29 | S88: EV. 909 | T88: 0003291-90.1996.8.24.0038 | X88: 5101743968 | Y88: 2186.29 | Z88: =D88=X88 -> TRUE
B89: Estado de Santa Catarina | C89: FUNJURE | D89: 1101000387 | R89: =R33*5% -> 0 | T89: 0051131-78.1995.8.24.0023
B90: Estado de Santa Catarina | C90: FUNJURE | D90: 1101001288 | R90: =R34*5% -> 800.6715 | T90: 0030402-31.1995.8.24.0023
B91: Estado de Santa Catarina | C91: FUNJURE | D91: 1101005491 | R91: =R35*5% -> 0 | T91: 0005200-70.1996.8.24.0038
B92: Estado de Santa Catarina | C92: FUNJURE | D92: 2101317567 | R92: =R36*5% -> 1081.7425 | T92: 0000542-62.1989.8.24.0033
B93: Estado de Santa Catarina | C93: FUNJURE | D93: 5101002787 | R93: =R37*5% -> 60.376 | T93: 0005200-70.1996.8.24.0038
B94: Estado de Santa Catarina | C94: FUNJURE | D94: 5101002887 | R94: =R38*5% -> 161.014 | T94: 0005200-70.1996.8.24.0038
B95: Estado de Santa Catarina | C95: FUNJURE | D95: 5101002987 | R95: =R39*5% -> 637.4635 | T95: 0005200-70.1996.8.24.0038
B96: Estado de Santa Catarina | C96: FUNJURE | D96: 5101003187 | R96: =R40*5% -> 11.743 | T96: 0005200-70.1996.8.24.0038
B97: Estado de Santa Catarina | C97: FUNJURE | D97: 5101003287 | R97: =R41*5% -> 29.928 | T97: 0005200-70.1996.8.24.0038
B98: Estado de Santa Catarina | C98: FUNJURE | D98: 5101003387 | R98: =R42*5% -> 25.5185 | T98: 0005200-70.1996.8.24.0038
B99: Estado de Santa Catarina | C99: FUNJURE | D99: 5101003487 | R99: =R43*5% -> 51.402 | T99: 0005200-70.1996.8.24.0038
B100: Estado de Santa Catarina | C100: FUNJURE | D100: 5101003587 | R100: =R44*5% -> 62.7225 | T100: 0005200-70.1996.8.24.0038
... B144: Estado de Santa Catarina | C144: FUNJURE | D144: 5101743968 | R144: =R88*5% -> 109.3145 | T144: 0003291-90.1996.8.24.0038
...

Sheet Pref-EncargoMassa
B2: Quadro 2 -CREDORES EXTRACONCURSAIS
B3: CREDOR | C3: TIPO | D3: ANO DO DÉBITO | E3: REVISÃO AJ | H3: REVISÃO AJ 05/03/2019 | I3: REVISÃO AJ | L3: REVISÃO AJ 30/04/2025
E4: VALOR | F4: DATA DA ATUALIZAÇÃO | G4: REFERÊNCIA | H4: VALOR | I4: VALOR | J4: DATA DA ATUALIZAÇÃO | K4: REFERÊNCIA | L4: VALOR | M4: VALOR ATUALIZADO ATÉ | N4: REFERÊNCIA | O4: OBS | R4: VALOR | S4: REFERÊNCIA | T4: OBS
B5: Remuneração Administração Judicial
B6: Municipio de Joinville | C6: IPTU - Ajuizada - IM 13.20.15.81.2454.0000 | D6: 1999 | E6: 16086.64 | F6: 42122 | G6: FLS. 2129 A 2159 | H6: =622.31+674.32 -> 1296.63 | J6: 36201 | K6: Fls. 509 | L6: =H6 -> 1296.63 | O6: Valor estimado pois a PMJ não informou débitos do imovel | P6: ="R$ "&H6 -> R$ 1296,63 | Q6: =B6&"-"&C6&""&D6&"-"&P6&";" -> Municipio de Joinville-IPTU - Ajuizada - IM 13.20.15.81.2454.00001999-R$ 1296,63;
B7: Municipio de Joinville | C7: IPTU - Ajuizada - IM 13.20.15.81.2454.0000 | D7: 2000 | E7: 15262.96 | F7: 42122 | G7: FLS. 2129 A 2160 | H7: =622.31+674.32 -> 1296.63 | J7: 36566 | K7: Fls. 509 | L7: =H7 -> 1296.63 | O7: Valor estimado pois a PMJ não informou débitos do imovel | P7: ="R$ "&H7 -> R$ 1296,63 | Q7: =B7&"-"&C7&""&D7&"-"&P7&";" -> Municipio de Joinville-IPTU - Ajuizada - IM 13.20.15.81.2454.00002000-R$ 1296,63;
B8: Municipio de Joinville | C8: IPTU - Ajuizada - IM 13.20.15.81.2454.0000 | D8: 2001 | E8: 16005.05 | F8: 42122 | G8: FLS. 2129 A 2161 | H8: =692.31+744.85 -> 1437.16 | J8: 36934 | K8: Fls. 509 | L8: =H8 -> 1437.16 | O8: Valor estimado pois a PMJ não informou débitos do imovel | P8: ="R$ "&H8 -> R$ 1437,16 | Q8: =B8&"-"&C8&""&D8&"-"&P8&";" -> Municipio de Joinville-IPTU - Ajuizada - IM 13.20.15.81.2454.00002001-R$ 1437,16;
B9: Municipio de Joinville | C9: IPTU - Ajuizada - IM 13.20.15.81.2454.0000 | D9: 2002 | E9: 15390.61 | F9: 42122 | G9: FLS. 2129 A 2162 | H9: =767.27+698.24 -> 1465.51 | J9: 37295 | K9: Fls. 509 | L9: =H9 -> 1465.51 | O9: Valor estimado pois a PMJ não informou débitos do imovel | P9: ="R$ "&H9 -> R$ 1465,51 | Q9: =B9&"-"&C9&""&D9&"-"&P9&";" -> Municipio de Joinville-IPTU - Ajuizada - IM 13.20.15.81.2454.00002002-R$ 1465,51;
B10: Municipio de Joinville | C10: IPTU - Ajuizada - IM 13.20.15.81.2454.0000 | D10: 2003 | E10: 14473.82 | F10: 42122 | G10: FLS. 2129 A 2163 | H10: =1020.61+505.33 -> 1525.94 | J10: 37662 | K10: Fls. 509 | L10: =H10 -> 1525.94 | O10: Valor estimado pois a PMJ não informou débitos do imovel | P10: ="R$ "&H10 -> R$ 1525,94 | Q10: =B10&"-"&C10&""&D10&"-"&P10&";" -> Municipio de Joinville-IPTU - Ajuizada - IM 13.20.15.81.2454.00002003-R$ 1525,94;
B11: Municipio de Joinville | C11: IPTU - Dívida Ativa - IM 13.20.15.81.2454.0000 | D11: 2004 | E11: 13943.15 | F11: 42122 | G11: FLS. 2129 A 2164 | H11: =1145.69+359.86 -> 1505.55 | J11: 38153 | K11: Fls. 510 | L11: =H11 -> 1505.55 | O11: Valor estimado pois a PMJ não informou débitos do imovel | P11: ="R$ "&H11 -> R$ 1505,55 | Q11: =B11&"-"&C11&""&D11&"-"&P11&";" -> Municipio de Joinville-IPTU - Dívida Ativa - IM 13.20.15.81.2454.00002004-R$ 1505,55;
B12: Municipio de Joinville | C12: IPTU - Ajuizada - IM 13.20.15.81.2454.0000 | D12: 2005 | E12: 13029.74 | F12: 42122 | G12: FLS. 2129 A 2165 | H12: =1286.41+291.29 -> 1577.7 | J12: 38398 | K12: Fls. 510 | L12: =H12 -> 1577.7 | O12: Valor estimado pois a PMJ não informou débitos do imovel | P12: ="R$ "&H12 -> R$ 1577,7 | Q12: =B12&"-"&C12&""&D12&"-"&P12&";" -> Municipio de Joinville-IPTU - Ajuizada - IM 13.20.15.81.2454.00002005-R$ 1577,7;
B13: Municipio de Joinville | C13: IPTU - Ajuizada - IM 13.20.15.81.2454.0000 | D13: 2006 | E13: 14469.48 | F13: 42122 | G13: FLS. 2129 A 2166 | H13: =1452.35+269.92 -> 1722.27 | J13: 38763 | K13: Fls. 510 | L13: =H13 -> 1722.27 | O13: Valor estimado pois a PMJ não informou débitos do imovel | P13: ="R$ "&H13 -> R$ 1722,27 | Q13: =B13&"-"&C13&""&D13&"-"&P13&";" -> Municipio de Joinville-IPTU - Ajuizada - IM 13.20.15.81.2454.00002006-R$ 1722,27;
B14: Municipio de Joinville | C14: IPTU - Ajuizada - IM 13.20.15.81.2454.0000 | D14: 2007 | E14: 14040.15 | F14: 42122 | G14: FLS. 2129 A 2167 | H14: =2553.25+370.17 -> 2923.42 | J14: 39128 | K14: Fls. 510 | L14: =H14 -> 2923.42 | O14: Valor estimado pois a PMJ não informou débitos do imovel | P14: ="R$ "&H14 -> R$ 2923,42 | Q14: =B14&"-"&C14&""&D14&"-"&P14&";" -> Municipio de Joinville-IPTU - Ajuizada - IM 13.20.15.81.2454.00002007-R$ 2923,42;
B15: Municipio de Joinville | C15: IPTU - Ajuizada - IM 13.20.15.81.2454.0000 | D15: 2008 | E15: 12288.94 | F15: 42122 | G15: FLS. 2129 A 2168 | H15: =2714.99+188.76 -> 2903.75 | J15: 39769 | K15: Fls. 510 | L15: =H15 -> 2903.75 | O15: Valor estimado pois a PMJ não informou débitos do imovel | P15: ="R$ "&H15 -> R$ 2903,75 | Q15: =B15&"-"&C15&""&D15&"-"&P15&";" -> Municipio de Joinville-IPTU - Ajuizada - IM 13.20.15.81.2454.00002008-R$ 2903,75;
B16: Municipio de Joinville | C16: IPTU - Ajuizada - IM 13.20.15.81.2454.0000 | D16: 2009 | E16: 11203.78 | F16: 42122 | G16: FLS. 2129 A 2169 | H16: =1789.18+29.75 -> 1818.93 | J16: 40133 | K16: Fls. 511 | L16: =H16 -> 1818.93 | O16: Valor estimado pois a PMJ não informou débitos do imovel | P16: ="R$ "&H16 -> R$ 1818,93 | Q16: =B16&"-"&C16&""&D16&"-"&P16&";" -> Municipio de Joinville-IPTU - Ajuizada - IM 13.20.15.81.2454.00002009-R$ 1818,93;
B17: Municipio de Joinville | C17: IPTU - Ajuizada - IM 13.20.15.81.2454.0000 | D17: 2010 | E17: 10135.22 | F17: 42122 | G17: FLS. 2129 A 2170 | H17: =1857.44 -> 1857.44 | J17: 40461 | K17: Fls. 511 | L17: =H17 -> 1857.44 | O17: Valor estimado pois a PMJ não informou débitos do imovel | P17: ="R$ "&H17 -> R$ 1857,44 | Q17: =B17&"-"&C17&""&D17&"-"&P17&";" -> Municipio de Joinville-IPTU - Ajuizada - IM 13.20.15.81.2454.00002010-R$ 1857,44;
B18: Municipio de Joinville | C18: IPTU - Ajuizada - IM 13.20.15.81.2454.0000 | D18: 2011 | E18: 9985.01 | F18: 42122 | G18: FLS. 2129 A 2171 | H18: 1968.9 | J18: 40827 | K18: Fls. 511 | L18: =H18 -> 1968.9 | O18: Valor estimado pois a PMJ não informou débitos do imovel | P18: ="R$ "&H18 -> R$ 1968,9 | Q18: =B18&"-"&C18&""&D18&"-"&P18&";" -> Municipio de Joinville-IPTU - Ajuizada - IM 13.20.15.81.2454.00002011-R$ 1968,9;
B19: Municipio de Joinville | C19: IPTU - Ajuizada - IM 13.20.15.81.2454.0000 | D19: 2012 | E19: 9805.33 | F19: 42122 | G19: FLS. 2129 A 2172 | H19: 6514.58 | J19: 41192 | K19: Fls. 512 | L19: =H19 -> 6514.58 | O19: Valor estimado pois a PMJ não informou débitos do imovel | P19: ="R$ "&H19 -> R$ 6514,58 | Q19: =B19&"-"&C19&""&D19&"-"&P19&";" -> Municipio de Joinville-IPTU - Ajuizada - IM 13.20.15.81.2454.00002012-R$ 6514,58;
B20: Municipio de Joinville | C20: IPTU - Ajuizada - IM 13.20.15.81.2454.0000 | D20: 2013 | E20: 8063.78 | F20: 42122 | G20: FLS. 2129 A 2173 | H20: 6869.51 | J20: 41557 | K20: Fls. 512 | L20: =H20 -> 6869.51 | O20: Valor estimado pois a PMJ não informou débitos do imovel | P20: ="R$ "&H20 -> R$ 6869,51 | Q20: =B20&"-"&C20&""&D20&"-"&P20&";" -> Municipio de Joinville-IPTU - Ajuizada - IM 13.20.15.81.2454.00002013-R$ 6869,51;
B21: Municipio de Joinville | C21: IPTU - Ajuizada - IM 13.20.15.81.2454.0000 | D21: 2014 | E21: 7872.08 | F21: 42122 | G21: FLS. 2129 A 2174 | H21: 7271.51 | J21: 41920 | K21: Fls. 512 | L21: =H21 -> 7271.51 | O21: Valor estimado pois a PMJ não informou débitos do imovel | P21: ="R$ "&H21 -> R$ 7271,51 | Q21: =B21&"-"&C21&""&D21&"-"&P21&";" -> Municipio de Joinville-IPTU - Ajuizada - IM 13.20.15.81.2454.00002014-R$ 7271,51;
B22: Municipio de Joinville | C22: COSIP - IM 13.20.42.53.5905.0000 | D22: 2015 | L22: =58.55*9+58.56 -> 585.51 | N22: Ev. 859 - ANEXO7 | P22: ="R$ "&H22 -> R$ | Q22: =B22&"-"&C22&""&D22&"-"&P22&";" -> Municipio de Joinville-COSIP - IM 13.20.42.53.5905.00002015-R$ ; | R22: 7750.74 | S22: Ev. 997 | T22: Execução Fiscal n. 0903959-98.2017.8.24.0038 - CDA 4866/2017
B23: Municipio de Joinville | C23: COSIP - IM 13.20.42.53.5905.0000 | D23: 2016 | L23: =63.85*10 -> 638.5 | N23: Ev. 859 - ANEXO6 | P23: ="R$ "&H23 -> R$ | Q23: =B23&"-"&C23&""&D23&"-"&P23&";" -> Municipio de Joinville-COSIP - IM 13.20.42.53.5905.00002016-R$ ; | R23: 9189.37 | S23: Ev. 997 | T23: Execução Fiscal n. 5019527-26.2019.8.24.0038 - CDA 18965/2019
B24: Municipio de Joinville | C24: IPTU - Dívida Ativa - IM 13.20.42.53.5905.0000 | D24: 2015 | E24: 7709.03 | F24: 42122 | G24: FLS. 2129 A 2175 | H24: 7750.74 | J24: 42285 | K24: Fls. 513 | L24: =716.52*9+716.55 -> 7165.23 | M24: =16834.92-775.1 -> 16059.82 | N24: Ev. 859 - ANEXO7 | O24: EXTRATO DE DÉBITO ATUALIZADO - ANEXO - PROCESSO DE EXECUÇÃO 0903959-98.2017.8.24.0038 | R24: 8515.29 | S24: Ev. 997 | T24: Execução Fiscal n. 0902886-57.2018.8.24.0038 - CDA 9180/2018
B25: Municipio de Joinville | C25: IPTU - Dívida Ativa - IM 13.20.42.53.5905.0000 | D25: 2016 | H25: 8515.29 | J25: 42653 | K25: Fls. 513 | L25: =787.68*9+787.67 -> 7876.79 | M25: =17266.85-851.5 -> 16415.35 | N25: Ev. 859 - ANEXO6 | O25: EXTRATO DE DÉBITO ATUALIZADO - ANEXO | R25: 20202.54 | S25: Ev. 997 | T25: Execução Fiscal n. 5014350-53.2024.8.24.0023 - CDAs 1404 e 1405/2014
B26: Municipio de Joinville | C26: IPTU - Dívida Ativa - IM 13.20.42.53.5905.0000 | D26: 2017 | H26: 9189.37 | J26: 43017 | K26: Fls. 513 | L26: =849.68*9+849.65 -> 8496.77 | M26: =17377.26-918.9 -> 16458.36 | N26: Ev. 859 - ANEXO5 | O26: EXTRATO DE DÉBITO ATUALIZADO - ANEXO - PROCESSO DE EXECUÇÃO 5019527-26.2019.8.24.0038 | R26: 9418.93 | S26: Ev. 997 | T26: Execução Fiscal n. 5088935-47.2022.8.24.0023 - CDAs 42608/2022
B27: Municipio de Joinville | C27: COSIP - IM 13.20.42.53.5905.0000 | D27: 2017 | L27: =69.26*10 -> 692.6 | N27: Ev. 859 - ANEXO5 | P27: ="R$ "&H27 -> R$ | Q27: =B27&"-"&C27&""&D27&"-"&P27&";" -> Municipio de Joinville-COSIP - IM 13.20.42.53.5905.00002017-R$ ;
B28: Municipio de Joinville | C28: IPTU - Dívida Ativa - IM 13.20.42.53.5905.0000 | D28: 2018 | H28: 9418.93 | J28: 43378 | K28: Fls. 514 | L28: =872.62*9+872.59 -> 8726.17 | M28: =17007.1-941.89 -> 16065.21 | N28: Ev. 859 - ANEXO4 | O28: EXTRATO DE DÉBITO ATUALIZADO - ANEXO | P28: ="R$ "&H28 -> R$ 9418,93 | Q28: =B28&"-"&C28&""&D28&"-"&P28&";" -> Municipio de Joinville-IPTU - Dívida Ativa - IM 13.20.42.53.5905.00002018-R$ 9418,93;
B29: Municipio de Joinville | C29: COSIP - IM 13.20.42.53.5905.0000 | D29: 2018 | L29: =69.28*9+69.24 -> 692.76 | N29: Ev. 859 - ANEXO4
B30: Municipio de Joinville | C30: IPTU - Dívida Ativa - IM 13.20.42.53.5905.0000 | D30: 2019 | I30: =9928.83 -> 9928.83 | K30: Ev. 593 | L30: =908.31*9+908.28 -> 9083.07 | M30: =17254.8-992.89 -> 16261.91 | N30: Ev. 859 - ANEXO3 | O30: EXTRATO DE DÉBITO ATUALIZADO - ANEXO
B31: Municipio de Joinville | C31: COSIP - IM 13.20.42.53.5905.0000 | D31: 2019 | L31: =84.58*9+84.54 -> 845.76 | N31: Ev. 859 - ANEXO3
B32: Municipio de Joinville | C32: IPTU - Dívida Ativa - IM 13.20.42.53.5905.0000 | D32: 2020 | I32: 10273.71 | K32: Ev. 593 | L32: =(934.56*9)+934.53 -> 9345.57 | M32: =17313.4-1027.4 -> 16286 | N32: Ev. 859 - ANEXO2 | O32: EXTRATO DE DÉBITO ATUALIZADO - ANEXO
B33: Municipio de Joinville | C33: COSIP - IM 13.20.42.53.5905.0000 | D33: 2020 | L33: =(92.81*9)+92.85 -> 928.14 | N33: Ev. 859 - ANEXO2
B34: Municipio de São José | C34: CDA 81902015 | D34: 2010 a 2013 | H34: 1202.45 | I34: 0 | K34: Execução Fiscal n° 0312898-09.2015.8.24.0064 | L34: 0 | M34: 0 | O34: PROCESSO FOI JULGADO EXTINTO - CANCELAMENTO DA DÍVIDA ATIVA 30/05/2025 | P34: ="R$ "&H34 -> R$ 1202,45 | Q34: =B34&"-"&C34&""&D34&"-"&P34&";" -> Municipio de São José-CDA 819020152010 a 2013-R$ 1202,45;
B35: Municipio de São José | C35: CDA 7002 | D35: 2010 a 2013 | H35: 1491.65 | K35: Execução Fiscal n° 0903736-38.2015.8.24.0064 | L35: 0 | M35: 0 | O35: PROCESSO FOI JULGADO EXTINTO - CANCELAMENTO DA DÍVIDA ATIVA 03/12/2021 | P35: ="R$ "&H35 -> R$ 1491,65 | Q35: =B35&"-"&C35&""&D35&"-"&P35&";" -> Municipio de São José-CDA 70022010 a 2013-R$ 1491,65;
B36: Municipio de São José | C36: Taxa de Fiscalização | D36: 1992 a 1998 | L36: 0 | M36: 0 | N36: Ev. 869 E 906 | O36: EV. 869 INFORMADA VALOR DE 11.926,53 - EV. 906 EXTINTO NÃO HÁ DÉBITOS
B38: TOTAL | E38: =SUM(E6:E35) -> 209764.77 | H38: =SUM(H6:H35) -> 81523.86 | I38: =SUM(I5:I35) -> 20202.54 | L38: =SUM(L5:L35) -> 99032.3 | M38: =SUM(M5:M37) -> 97546.65 | P38: ="R$ "&H38 -> R$ 81523,86 | Q38: 81523.86 | R38: =SUM(R5:R37) -> 55076.87

Sheet Credores Quirografarios 
B2: Quadro 4 - CREDORES QUIROGRAFÁRIOS
B3: CREDOR | C3: VALOR EM CR$ | G3: VALOR EM R$ | H3: INPC Acumulado | I3: Saldo em | J3: OBSERVAÇÃO
D4: VALOR CORRIGIDO EM R$ | E4: DATA DA CONVERSÃO | F4: REFERÊNCIA | H4: =INPC!E52 -> 54.014865 | I4: 46142
B5: 3M do Brasil Ltda | C5: 59720.33 | D5: =C5/1000/2.75 -> 21.716484 | E5: 42284 | G5: =C5/2750 -> 21.716484 | H5: =G5*$H$4 -> 1173.0129 | I5: =ROUND(G5+H5,2) -> 1194.73 | L5: =B5&"= "&I5&";" -> 3M do Brasil Ltda = 1194,73;
B6: A B Loss e Cia Ltda | C6: 350939.14 | D6: =C6/1000/2.75 -> 127.61423 | E6: 42284 | G6: =C6/2750 -> 127.61423 | H6: =G6*$H$4 -> 6893.0656 | I6: =ROUND(G6+H6,2) -> 7020.68 | L6: =B6&"= "&I6&";" -> A B Loss e Cia Ltda = 7020,68;
B7: A C L Com. e Verduras Ltda | C7: 2219664.8 | D7: =C7/1000/2.75 -> 807.15084 | E7: 42284 | G7: =C7/2750 -> 807.15084 | H7: =G7*$H$4 -> 43598.144 | I7: =ROUND(G7+H7,2) -> 44405.29 | L7: =B7&"= "&I7&";" -> A C L Com. e Verduras Ltda = 44405,29;
B8: Acacio Jorge Bruno Neves | C8: 1377613.1 | D8: =C8/1000/2.75 -> 500.95023 | E8: 42284 | G8: =C8/2750 -> 500.95023 | H8: =G8*$H$4 -> 27058.759 | I8: =ROUND(G8+H8,2) -> 27559.71 | L8: =B8&"= "&I8&";" -> Acacio Jorge Bruno Neves= 27559,71;
B9: ACG-Industria Alimentícia Ltda | C9: 360850.39 | D9: =C9/1000/2.75 -> 131.21832 | E9: 42284 | G9: =C9/2750 -> 131.21832 | H9: =G9*$H$4 -> 7087.7401 | I9: =ROUND(G9+H9,2) -> 7218.96 | L9: =B9&"= "&I9&";" -> ACG-Industria Alimentícia Ltda= 7218,96;
B10: Adolar Kasulke | C10: 603018.63 | D10: =C10/1000/2.75 -> 219.2795 | E10: 42284 | G10: =C10/2750 -> 219.2795 | H10: =G10*$H$4 -> 11844.353 | I10: =ROUND(G10+H10,2) -> 12063.63 | L10: =B10&"= "&I10&";" -> Adolar Kasulke= 12063,63;
B11: Agro Com. Novo Mundo Ltda | C11: 117165.12 | D11: =C11/1000/2.75 -> 42.605498 | E11: 42284 | G11: =C11/2750 -> 42.605498 | H11: =G11*$H$4 -> 2301.3303 | I11: =ROUND(G11+H11,2) -> 2343.94 | L11: =B11&"= "&I11&";" -> Agro Com. Novo Mundo Ltda = 2343,94;
B12: Agro Comercial Colombense Ltda | C12: 50061.92 | D12: =C12/1000/2.75 -> 18.204335 | E12: 42284 | G12: =C12/2750 -> 18.204335 | H12: =G12*$H$4 -> 983.30468 | I12: =ROUND(G12+H12,2) -> 1001.51 | L12: =B12&"= "&I12&";" -> Agro Comercial Colombense Ltda = 1001,51;
B13: Agroeliane S/A Ind. de Alimentos | C13: 2003842.3 | D13: =C13/1000/2.75 -> 728.66992 | E13: 42284 | G13: =C13/2750 -> 728.66992 | H13: =G13*$H$4 -> 39359.008 | I13: =ROUND(G13+H13,2) -> 40087.68 | L13: =B13&"= "&I13&";" -> Agroeliane S/A Ind. de Alimentos= 40087,68;
B14: Ailiram S/A Produtos Alimentícios | C14: 780005.23 | D14: =C14/1000/2.75 -> 283.63827 | E14: 42284 | G14: =C14/2750 -> 283.63827 | H14: =G14*$H$4 -> 15320.683 | I14: =ROUND(G14+H14,2) -> 15604.32 | L14: =B14&"= "&I14&";" -> Ailiram S/A Produtos Alimentícios = 15604,32;
B15: Albercht Carnes Nobres Ltda | C15: 3026066.3 | D15: =C15/1000/2.75 -> 1100.3877 | E15: 42284 | G15: =C15/2750 -> 1100.3877 | H15: =G15*$H$4 -> 59437.296 | I15: =ROUND(G15+H15,2) -> 60537.68 | L15: =B15&"= "&I15&";" -> Albercht Carnes Nobres Ltda= 60537,68;
B16: Alceu Breda e Cia Ltda | C16: 321761.63 | D16: =C16/1000/2.75 -> 117.00423 | E16: 42284 | G16: =C16/2750 -> 117.00423 | H16: =G16*$H$4 -> 6319.9677 | I16: =ROUND(G16+H16,2) -> 6436.97 | L16: =B16&"= "&I16&";" -> Alceu Breda e Cia Ltda = 6436,97;
... B121: Formularios Ltda | C121: 200247.69 | D121: =C121/1000/2.75 -> 72.817342 | E121: 42284 | G121: =C121/2750 -> 72.817342 | H121: =G121*$H$4 -> 3933.2189 | I121: =ROUND(G121+H121,2) -> 4006.04 | L121: =B121&"= "&I121&";" -> Formularios Ltda = 4006,04;
B122: Frangos Camboriú Com. e Abate Ltda | C122: 6206667.2 | D122: =C122/1000/2.75 -> 2256.9699 | E122: 42284 | F122: Fls. 61-62 | G122: =C122/2750 -> 2256.9699 | H122: =G122*$H$4 -> 121909.93 | I122: =ROUND(G122+H122,2) -> 124166.9 | L122: =B122&"= "&I122&";" -> Frangos Camboriú Com. e Abate Ltda= 124166,9;
B123: Franzner Alimentos Ltda | C123: 1359054.8 | D123: =C123/1000/2.75 -> 494.20175 | E123: 42284 | G123: =C123/2750 -> 494.20175 | H123: =G123*$H$4 -> 26694.241 | I123: =ROUND(G123+H123,2) -> 27188.44 | L123: =B123&"= "&I123&";" -> Franzner Alimentos Ltda= 27188,44;
B124: Freitag Import. e Export. Ltda | C124: 419812.21 | D124: =C124/1000/2.75 -> 152.65899 | E124: 42284 | G124: =C124/2750 -> 152.65899 | H124: =G124*$H$4 -> 8245.8546 | I124: =ROUND(G124+H124,2) -> 8398.51 | L124: =B124&"= "&I124&";" -> Freitag Import. e Export. Ltda = 8398,51;
B125: Frigorifico Cemim Ltda | C125: 36593244 | D125: =C125/1000/2.75 -> 13306.634 | E125: 42284 | G125: =C125/2750 -> 13306.634 | H125: =G125*$H$4 -> 718756.05 | I125: =ROUND(G125+H125,2) -> 732062.68 | L125: =B125&"= "&I125&";" -> Frigorifico Cemim Ltda= 732062,68;
B126: Frigorifico Gumz S/A | C126: 2206416.1 | D126: =C126/1000/2.75 -> 802.33312 | E126: 42284 | G126: =C126/2750 -> 802.33312 | H126: =G126*$H$4 -> 43337.916 | I126: =ROUND(G126+H126,2) -> 44140.25 | L126: =B126&"= "&I126&";" -> Frigorifico Gumz S/A = 44140,25;
B127: Fritex Ind. Alimenticias Lisboense Ltda | C127: 1179135.3 | D127: =C127/1000/2.75 -> 428.77647 | E127: 42284 | G127: =C127/2750 -> 428.77647 | H127: =G127*$H$4 -> 23160.303 | I127: =ROUND(G127+H127,2) -> 23589.08 | L127: =B127&"= "&I127&";" -> Fritex Ind. Alimenticias Lisboense Ltda = 23589,08;
B128: Fruvil Com. de Frutas Ltda | C128: 30340.56 | D128: =C128/1000/2.75 -> 11.032931 | E128: 42284 | G128: =C128/2750 -> 11.032931 | H128: =G128*$H$4 -> 595.94228 | I128: =ROUND(G128+H128,2) -> 606.98 | L128: =B128&"= "&I128&";" -> Fruvil Com. de Frutas Ltda = 606,98;
B129: Galpão Ind. Com. de Alimentos Ltda | C129: 41465.43 | D129: =C129/1000/2.75 -> 15.078338 | E129: 42284 | G129: =C129/2750 -> 15.078338 | H129: =G129*$H$4 -> 814.45441 | I129: =ROUND(G129+H129,2) -> 829.53 | L129: =B129&"= "&I129&";" -> Galpão Ind. Com. de Alimentos Ltda = 829,53;
B130: Garpe Com. E Repr. Ltda | C130: 1216858.7 | D130: =C130/1000/2.75 -> 442.49408 | E130: 42284 | G130: =C130/2750 -> 442.49408 | H130: =G130*$H$4 -> 23901.258 | I130: =ROUND(G130+H130,2) -> 24343.75 | L130: =B130&"= "&I130&";" -> Garpe Com. E Repr. Ltda= 24343,75;
B131: Gessy Lever Alimentos Ltda | C131: 248893.72 | D131: =C131/1000/2.75 -> 90.506807 | E131: 42284 | G131: =C131/2750 -> 90.506807 | H131: =G131*$H$4 -> 4888.713 | I131: =ROUND(G131+H131,2) -> 4979.22 | L131: =B131&"= "&I131&";" -> Gessy Lever Alimentos Ltda = 4979,22;
B132: Gloria Distr. de Produtos Alimentos Ltda | C132: 10215414 | D132: =C132/1000/2.75 -> 3714.6959 | E132: 42284 | G132: =C132/2750 -> 3714.6959 | H132: =G132*$H$4 -> 200648.8 | I132: =ROUND(G132+H132,2) -> 204363.49 | L132: =B132&"= "&I132&";" -> Gloria Distr. de Produtos Alimentos Ltda= 204363,49;
B133: Gonzalez e Cia Ltda | C133: 160147.58 | D133: =C133/1000/2.75 -> 58.235484 | E133: 42284 | G133: =C133/2750 -> 58.235484 | H133: =G133*$H$4 -> 3145.5818 | I133: =ROUND(G133+H133,2) -> 3203.82 | L133: =B133&"= "&I133&";" -> Gonzalez e Cia Ltda= 3203,82;
B134: Gráfica Mapel Ltda | C134: 385982.49 | D134: =C134/1000/2.75 -> 140.35727 | E134: 42284 | G134: =C134/2750 -> 140.35727 | H134: =G134*$H$4 -> 7581.379 | I134: =ROUND(G134+H134,2) -> 7721.74 | L134: =B134&"= "&I134&";" -> Gráfica Mapel Ltda= 7721,74;
... B298: York S/A Ind. Com. | C298: 338954.62 | D298: =C298/1000/2.75 -> 123.25623 | E298: 42284 | G298: =C298/2750 -> 123.25623 | H298: =G298*$H$4 -> 6657.6684 | I298: =ROUND(G298+H298,2) -> 6780.92 | L298: =B298&"= "&I298&";" -> York S/A Ind. Com.= 6780,92;
B299: TOTAL | C299: =SUM(C5:C298) -> 5.2718054e+08 | D299: =SUM(D5:D298) -> 191702.01 | E299: =SUM(E5:E298) -> 12431496 | F299: =SUM(F5:F298) -> 0 | G299: =SUM(G5:G298) -> 191702.01 | H299: =SUM(H5:H298) -> 10354758 | I299: =SUM(I5:I298) -> 10546460

Sheet Multa
B1: SUPERMERCADO RIACHUELO
B2: CNPJ 84.684.380/0001-10
B6: Quadro 5 - MULTAS
B7: CREDOR | C7: TIPO | D7: ANO DO DÉBITO | H7: MOEDA | I7: VALOR ORIGINAL | J7: VALOR ATUALIZADO | K7: REVISÃO AJ 05/03/2019 | L7: REVISÃO AJ 2021 | O7: REVISÃO AJ 30/04/2025 E 16/07/2025 | Q7: REVISÃO AJ 29/05/2026
E8: INSCRIÇÃO | F8: MULTA | G8: REFERÊNCIA | K8: VALOR | L8: VALOR | M8: DATA DA ATUALIZAÇÃO | N8: REFERÊNCIA | O8: VALOR | P8: REFERÊNCIA | Q8: VALOR | R8: REFERÊNCIA | S8: OBSERVAÇÃO
B9: Municipio de Joinville | C9: IPTU - Dívida Ativa - IM 13.20.15.81.2454.0000 | D9: 1988 | E9: 42122 | F9: 14.36 | G9: FLS. 2129 A 2149 | J9: 0
B10: Municipio de Joinville | C10: IPTU - Dívida Ativa - IM 13.20.15.81.2454.0000 | D10: 1989 | E10: 42122 | F10: 10.76 | G10: FLS. 2129 A 2150 | J10: 0
B11: Municipio de Joinville | C11: IPTU - Dívida Ativa - IM 13.20.15.81.2454.0000 | D11: 1990 | E11: 42122 | F11: 163.7 | G11: FLS. 2129 A 2151 | J11: 0
B12: Municipio de Joinville | C12: IPTU - Dívida Ativa - IM 13.20.15.81.2454.0000 | D12: 1991 | E12: 42122 | F12: 453.8 | G12: FLS. 2129 A 2152 | J12: 0
B13: Municipio de Joinville | C13: IPTU - Dívida Ativa - IM 13.20.15.81.2454.0000 | D13: 1992 | E13: 42122 | F13: 154.56 | G13: FLS. 2129 A 2153 | J13: 0
B14: Municipio de Joinville | C14: IPTU - Dívida Ativa - IM 13.20.15.81.2454.0000 | D14: 1994 | E14: 42122 | F14: 20.27 | G14: FLS. 2129 A 2154 | J14: 0
B15: Municipio de Joinville | C15: IPTU - Dívida Ativa - IM 13.20.15.81.2454.0000 | D15: 1995 | E15: 42122 | F15: 133.04 | G15: FLS. 2129 A 2155 | J15: 0
B16: Municipio de Joinville | C16: IPTU - Dívida Ativa - IM 13.20.15.81.2454.0000 | D16: 1996 | E16: 42122 | F16: 164.96 | G16: FLS. 2129 A 2156 | J16: 0
B17: Municipio de Joinville | C17: IPTU - Dívida Ativa - IM 13.20.15.81.2454.0000 | D17: 1997 | E17: 42122 | F17: 399.28 | G17: FLS. 2129 A 2157 | J17: 0
B18: Municipio de Joinville | C18: IPTU - Dívida Ativa - IM 13.20.15.81.2454.0000 | D18: 1998 | E18: 42122 | F18: 543.08 | G18: FLS. 2129 A 2158 | J18: 0
B19: Municipio de Joinville | C19: IPTU - Dívida Ativa - IM 13.20.15.81.2454.0000 | D19: 1999 | E19: 42122 | F19: 455.47 | G19: FLS. 2129 A 2159 | H19: R$ | K19: 129.66 | M19: 43424 | N19: Fls. 507-514
B20: Municipio de Joinville | C20: IPTU - Dívida Ativa - IM 13.20.15.81.2454.0000 | D20: 2000 | E20: 42122 | F20: 455.47 | G20: FLS. 2129 A 2160 | H20: R$ | K20: 129.66 | M20: 43424 | N20: Fls. 507-514
B21: Municipio de Joinville | C21: IPTU - Dívida Ativa - IM 13.20.15.81.2454.0000 | D21: 2001 | E21: 42122 | F21: 504.86 | G21: FLS. 2129 A 2161 | H21: R$ | K21: 143.72 | M21: 43424 | N21: Fls. 507-514
B22: Municipio de Joinville | C22: IPTU - Dívida Ativa - IM 13.20.15.81.2454.0000 | D22: 2002 | E22: 42122 | F22: 514.85 | G22: FLS. 2129 A 2162 | H22: R$ | K22: 146.55 | M22: 43424 | N22: Fls. 507-514
B23: Municipio de Joinville | C23: IPTU - Ajuizada - IM 13.20.15.81.2454.0000 | D23: 2003 | E23: 42122 | F23: 515.36 | G23: FLS. 2129 A 2163 | H23: R$ | K23: 152.59 | M23: 43424 | N23: Fls. 507-514
B24: Municipio de Joinville | C24: IPTU - Dívida Ativa - IM 13.20.15.81.2454.0000 | D24: 2004 | E24: 42122 | F24: 530.63 | G24: FLS. 2129 A 2164 | H24: R$ | K24: 150.56 | M24: 43424 | N24: Fls. 507-514
B25: Municipio de Joinville | C25: IPTU - Ajuizada - IM 13.20.15.81.2454.0000 | D25: 2005 | E25: 42122 | F25: 532.52 | G25: FLS. 2129 A 2165 | H25: R$ | K25: 157.77 | M25: 43424 | N25: Fls. 507-514
B26: Municipio de Joinville | C26: IPTU - Ajuizada - IM 13.20.15.81.2454.0000 | D26: 2006 | E26: 42122 | F26: 638.55 | G26: FLS. 2129 A 2166 | H26: R$ | K26: 172.23 | M26: 43424 | N26: Fls. 507-514
B27: Municipio de Joinville | C27: IPTU - Ajuizada - IM 13.20.15.81.2454.0000 | D27: 2007 | E27: 42122 | F27: 673.34 | G27: FLS. 2129 A 2167 | H27: R$ | K27: 292.34 | M27: 43424 | N27: Fls. 507-514
B28: Municipio de Joinville | C28: IPTU - Ajuizada - IM 13.20.15.81.2454.0000 | D28: 2008 | E28: 42122 | F28: 668.9 | G28: FLS. 2129 A 2168 | H28: R$ | K28: 290.37 | M28: 43424 | N28: Fls. 507-514
B29: Municipio de Joinville | C29: IPTU - Ajuizada - IM 13.20.15.81.2454.0000 | D29: 2009 | E29: 42122 | F29: 676.51 | G29: FLS. 2129 A 2169 | H29: R$ | K29: 181.99 | M29: 43424 | N29: Fls. 507-514
B30: Municipio de Joinville | C30: IPTU - Ajuizada - IM 13.20.15.81.2454.0000 | D30: 2010 | E30: 42122 | F30: 690.8 | G30: FLS. 2129 A 2170 | H30: R$ | K30: 185.71 | M30: 43424 | N30: Fls. 507-514
... B34: Municipio de Joinville | C34: IPTU - Ajuizada - IM 13.20.15.81.2454.0000 | D34: 2014 | E34: 42122 | F34: 718.3 | G34: FLS. 2129 A 2174 | H34: R$ | K34: 727.2 | M34: 43424 | N34: Fls. 507-514
B35: Municipio de Joinville | C35: IPTU - Dívida Ativa - IM 13.20.42.53.5905.0000 | D35: 2015 | E35: 42122 | F35: 280.21 | G35: FLS. 2129 A 2175 | H35: R$ | K35: 775.1 | M35: 43424 | N35: Fls. 507-514 | O35: =71.65*10 -> 716.5 | P35: Ev. 859 - ANEXO7
B36: Municipio de Joinville | C36: COSIP - IM 13.20.42.53.5905.0000 | D36: 2015 | O36: =5.86*10 -> 58.6 | P36: Ev. 859 - ANEXO7
B37: Municipio de Joinville | C37: IPTU - Dívida Ativa - IM 13.20.42.53.5905.0000 | D37: 2016 | H37: R$ | K37: 851.5 | M37: 43424 | N37: Fls. 507-514 | O37: =78.77*10 -> 787.7 | P37: Ev. 859 - ANEXO6
B38: Municipio de Joinville | C38: COSIP - IM 13.20.42.53.5905.0000 | D38: 2016 | O38: =6.38*10 -> 63.8 | P38: Ev. 859 - ANEXO6
B39: Municipio de Joinville | C39: IPTU - Dívida Ativa - IM 13.20.42.53.5905.0000 | D39: 2017 | H39: R$ | K39: 918.9 | M39: 43424 | N39: Fls. 507-514 | O39: =84.96*10 -> 849.6 | P39: Ev. 859 - ANEXO5
B40: Municipio de Joinville | C40: COSIP - IM 13.20.42.53.5905.0000 | D40: 2017 | O40: =6.93*10 -> 69.3 | P40: Ev. 859 - ANEXO5
B41: Municipio de Joinville | C41: IPTU - Dívida Ativa - IM 13.20.42.53.5905.0000 | D41: 2018 | H41: R$ | K41: 941.89 | M41: 43424 | N41: Fls. 507-514 | O41: =87.26*10 -> 872.6 | P41: Ev. 859 - ANEXO4
B42: Municipio de Joinville | C42: COSIP - IM 13.20.42.53.5905.0000 | D42: 2018 | O42: =6.93*9+6.92 -> 69.29 | P42: Ev. 859 - ANEXO4
B43: Municipio de Joinville | C43: IPTU - Dívida Ativa - IM 13.20.42.53.5905.0000 | D43: 2019 | E43: 44389 | F43: 992.89 | G43: Ev. 593 | H43: R$ | L43: 992.89 | M43: 44389 | N43: Ev. 593 | O43: =90.83*10 -> 908.3 | P43: Ev. 859 - ANEXO3
B44: Municipio de Joinville | C44: COSIP - IM 13.20.42.53.5905.0000 | D44: 2019 | O44: =8.46*9+8.45 -> 84.59 | P44: Ev. 859 - ANEXO3
B45: Municipio de Joinville | C45: IPTU - Dívida Ativa - IM 13.20.42.53.5905.0000 | D45: 2020 | E45: 44389 | F45: 1027.4 | G45: Ev. 593 | H45: R$ | L45: 1027.4 | M45: 44389 | N45: Ev. 593 | O45: =(93.46*9)+93.45 -> 934.59 | P45: Ev. 859 - ANEXO2 | Q45: 0 | R45: Ev. 868
B46: Municipio de Joinville | C46: COSIP - IM 13.20.42.53.5905.0000 | D46: 2020 | O46: =9.28*9+9.29 -> 92.81 | P46: Ev. 859 - ANEXO2 | Q46: 0 | R46: Ev. 868
B47: Ausência de Recolhimento - FGTS | C47: Ausência de Recolhimento - FGTS | E47: 41564 | F47: =60*500 -> 30000 | G47: Anexo 03 | H47: R$ | K47: =60*500 -> 30000 | N47: Fls. 335-337 | O47: =60*500 -> 30000 | P47: Ev. 360 Anexo 336/337 | Q47: 0 | R47: Ev. 868
B48: União | H48: CR$ | I48: 83486 | J48: =I48/1000*2.75 -> 229.5865 | K48: 3607.77 | M48: 32994 | N48: Fls. 280-286 | O48: 3607.77 | P48: Ev. 353 | Q48: 0 | R48: Ev. 868 | S48: Dívida Ativa (Multa) 91697030415-79 - Execução Fiscal n° 5012970-93.2018.4.04.7201 - Fls. 573
B49: União | H49: CR$ | I49: 83486 | J49: =I49/1000*2.75 -> 229.5865 | K49: 3606.98 | M49: 32994 | N49: Fls. 280-286 | O49: 3606.98 | P49: Ev. 353 | Q49: 0 | R49: Ev. 868 | S49: Dívida Ativa (Multa) 91697030400-92 - Execução Fiscal n° 5012970-93.2018.4.04.7201 - Fls. 576
B50: União | H50: NCz$ | I50: 8910 | J50: =I50/1000*1000*2.75 -> 24502.5 | K50: 2722.65 | M50: 32843 | N50: Fls. 280-286 | O50: 2722.65 | P50: Ev. 353 | Q50: 0 | R50: Ev. 868 | S50: Dívida Ativa (Multa) 91697030414-98 - Execução Fiscal n° 5012970-93.2018.4.04.7201 - Fls. 579
B51: União | H51: NCz$ | I51: 2218.15 | J51: =I51/1000*1000*2.75 -> 6099.9125 | K51: 908.7 | M51: 32813 | N51: Fls. 280-286 | O51: 908.7 | P51: Ev. 353 | Q51: 0 | R51: Ev. 868 | S51: Dívida Ativa (Multa) 91697030413-07 - Execução Fiscal n° 5012970-93.2018.4.04.7201 - Fls. 582
B52: União | H52: NCz$ | I52: 3323.45 | J52: =I52/1000*1000*2.75 -> 9139.4875 | K52: 1299.8 | M52: 32813 | N52: Fls. 280-286 | O52: 1299.8 | P52: Ev. 353 | Q52: 0 | R52: Ev. 868 | S52: Dívida Ativa (Multa) 91697030412-26 - Execução Fiscal n° 5012970-93.2018.4.04.7201 - Fls. 585
B53: União | H53: CR$ | I53: 89127.8 | J53: =I53/1000*2.75 -> 245.10145 | K53: 3597.66 | M53: 33055 | N53: Fls. 280-286 | O53: 3597.66 | P53: Ev. 353 | Q53: 0 | R53: Ev. 868 | S53: Dívida Ativa (Multa) 91697030410-64 - Execução Fiscal n° 5012970-93.2018.4.04.7201 - Fls. 588
B54: União | H54: CR$ | I54: 112031.75 | J54: =I54/1000*2.75 -> 308.08731 | K54: 4123.29 | M54: 33086 | N54: Fls. 280-286 | O54: 4123.29 | P54: Ev. 353 | Q54: 0 | R54: Ev. 868 - 923 | S54: Dívida Ativa (Multa) 91697030406-88- Execução Fiscal n° 5012970-93.2018.4.04.7201 - Fls. 591
B55: União | H55: CR$ | I55: 1268620 | J55: =I55/1000*2.75 -> 3488.705 | K55: 14728.18 | M55: 33420 | N55: Fls. 280-286 | O55: 14728.18 | P55: Ev. 353 | Q55: 0 | R55: Ev. 868 | S55: Dívida Ativa (Multa) 91697030411-45- Execução Fiscal n° 5012970-93.2018.4.04.7201 - Fls. 594
B56: União | H56: CR$ | I56: 44563.9 | J56: =I56/1000*2.75 -> 122.55073 | K56: 1798.81 | M56: 33055 | N56: Fls. 280-286 | O56: 1798.81 | P56: Ev. 353 | Q56: 0 | R56: Ev. 868 | S56: Dívida Ativa (Multa) 91697030407-69- Execução Fiscal n° 5012970-93.2018.4.04.7201 - Fls. 597
B57: União | H57: CR$ | I57: 142507.5 | J57: =I57/1000*2.75 -> 391.89562 | K57: 4854.78 | M57: 33086 | N57: Fls. 280-286 | O57: 4854.78 | P57: Ev. 353 | Q57: 0 | R57: Ev. 868 | S57: Dívida Ativa (Multa) 91697030404-16- Execução Fiscal n° 5012970-93.2018.4.04.7201 - Fls. 600
B58: União | H58: CR$ | I58: 244063.5 | J58: =I58/1000*2.75 -> 671.17462 | K58: 8982.68 | M58: 33086 | N58: Fls. 280-286 | O58: 8982.68 | P58: Ev. 353 | Q58: 0 | R58: Ev. 868 | S58: Dívida Ativa (Multa) 91697030403-35 - Execução Fiscal n° 5012970-93.2018.4.04.7201 - Fls. 603
B59: União | H59: NCz$ | I59: 3323.45 | J59: =I59/1000*2.75 -> 9.1394875 | K59: 1299.8 | M59: 32813 | N59: Fls. 280-286 | O59: 1299.8 | P59: Ev. 353 | Q59: 0 | R59: Ev. 868 | S59: Dívida Ativa (Multa) 91697030402-54 - Execução Fiscal n° 5012970-93.2018.4.04.7201 - Fls. 606
B60: União | H60: CR$ | I60: 66845.85 | J60: =I60/1000*2.75 -> 183.82609 | K60: 2698.77 | M60: 33055 | N60: Fls. 280-286 | O60: 2698.77 | P60: Ev. 353 | Q60: 0 | R60: Ev. 868 | S60: Dívida Ativa (Multa) 91697030401-73 - Execução Fiscal n° 5012970-93.2018.4.04.7201 - Fls. 609
B61: União | H61: CR$ | I61: 84439.2 | J61: =I61/1000*2.75 -> 232.2078 | K61: 3602.34 | M61: 33025 | N61: Fls. 280-286 | O61: 3602.34 | P61: Ev. 353 | Q61: 0 | R61: Ev. 868 | S61: Dívida Ativa (Multa) 91697030499-14 - Execução Fiscal n° 5012970-93.2018.4.04.7201 - Fls. 612
B62: União | H62: CR$ | I62: 634310 | J62: =I62/1000*2.75 -> 1744.3525 | K62: 7007.37 | M62: 33451 | N62: Fls. 280-286 | O62: 7007.37 | P62: Ev. 353 | Q62: 0 | R62: Ev. 868 | S62: Dívida Ativa (Multa) 91697030405-05 - Execução Fiscal n° 5012970-93.2018.4.04.7201 - Fls. 615
B63: União | H63: CR$ | I63: 202597.85 | J63: =I63/1000*2.75 -> 557.14409 | K63: 6279.72 | M63: 33117 | N63: Fls. 280-286 | O63: 6279.72 | P63: Ev. 353 | Q63: 0 | R63: Ev. 868 | S63: Dívida Ativa (Multa) 91697030408-40 - Execução Fiscal n° 5012970-93.2018.4.04.7201 - Fls. 618
B64: União | H64: CR$ | I64: 84439.2 | J64: =I64/1000*2.75 -> 232.2078 | K64: 3602.34 | M64: 33025 | N64: Fls. 280-286 | O64: 3602.34 | P64: Ev. 353 | Q64: 0 | R64: Ev. 868 | S64: Dívida Ativa (Multa) 91697030478-90 - Execução Fiscal n° 5012970-93.2018.4.04.7201 - Fls. 621
B65: União | H65: CR$ | I65: 82777.6 | J65: =I65/1000*2.75 -> 227.6384 | K65: 3577.14 | M65: 32994 | N65: Fls. 280-286 | O65: 3577.14 | P65: Ev. 353 | Q65: 0 | R65: Ev. 868 | S65: Dívida Ativa (Multa) 91697030462-22 - Execução Fiscal n° 5012970-93.2018.4.04.7201 - Fls. 624
B66: Municipio de São José | D66: Execção Fiscal | E66: CDA 81902015 - de 2010 a 2013 | H66: R$ | K66: 138.35 | N66: Execução Fiscal n° 0312898-09.2015.8.24.0064 | Q66: 0
B67: Municipio de São José | D67: Execução Fiscal | E67: CDA 7002 | H67: R$ | K67: 205.77 | N67: Execução Fiscal n° 0903736-38.2015.8.24.0064 | Q67: 0
B68: Municipio de São José | O68: 1689.96 | P68: Ev. 869 | Q68: 0 | S68: Taxa de Fiscalização - 1992 a 1998
B69: Estado de Santa Catarina | C69: Dívida Ativa | E69: 1101000387 | O69: 0 | P69: Ev. 870 e 909 | S69: Processo de execução Fiscal n° 0051131-78.1995.8.24.0023 EV. 870 R$ 61,22 EV. 909 VALOR ZERADO
B70: Estado de Santa Catarina | C70: Dívida Ativa | E70: 1101005491 | O70: 282.94 | P70: Ev. 870
B71: Estado de Santa Catarina | C71: Dívida Ativa | E71: DIVERSAS | O71: =34738696.94-O70-O69 -> 34738414 | P71: Ev. 870
B83: TOTAL | F83: =SUM(F9:F47) -> 44122.07 | I83: =SUM(I9:I82) -> 3241071.2 | J83: =SUM(J9:J82) -> 48615.104 | K83: =SUM(K9:K82) -> 116526.03 | O83: =SUM(O9:O82) -> 34854193 | Q83: =SUM(Q9:Q82) -> 0
B85: Quadro apresentado 08/03/2019 - Ev. 446
B86: Quadro 5 - MULTAS
B87: CREDOR | D87: TIPO | E87: INSCRIÇÃO | F87: REVISÃO AJ 05/03/2019 | G87: REFERÊNCIA
B88: União | D88: Dívida Ativa (Multa) | E88: 91697030415-79 - Execução Fiscal n° 5012970-93.2018.4.04.7201 - Fls. 573 | F88: 3607.77 | G88: Fls. 280-286 | H88: ="R$ "&F88 -> R$ 3607,77 | I88: =B88&"-"&H88&";" -> União-R$ 3607,77;
B89: União | D89: Dívida Ativa (Multa) | E89: 91697030400-92 - Execução Fiscal n° 5012970-93.2018.4.04.7201 - Fls. 576 | F89: 3606.98 | G89: Fls. 280-286 | H89: ="R$ "&F89 -> R$ 3606,98 | I89: =B89&"-"&H89&";" -> União-R$ 3606,98;
B90: União | D90: Dívida Ativa (Multa) | E90: 91697030414-98 - Execução Fiscal n° 5012970-93.2018.4.04.7201 - Fls. 579 | F90: 2722.65 | G90: Fls. 280-286 | H90: ="R$ "&F90 -> R$ 2722,65 | I90: =B90&"-"&H90&";" -> União-R$ 2722,65;
B91: União | D91: Dívida Ativa (Multa) | E91: 91697030413-07 - Execução Fiscal n° 5012970-93.2018.4.04.7201 - Fls. 582 | F91: 908.7 | G91: Fls. 280-286 | H91: ="R$ "&F91 -> R$ 908,7 | I91: =B91&"-"&H91&";" -> União-R$ 908,7;
B92: União | D92: Dívida Ativa (Multa) | E92: 91697030412-26 - Execução Fiscal n° 5012970-93.2018.4.04.7201 - Fls. 585 | F92: 1299.8 | G92: Fls. 280-286 | H92: ="R$ "&F92 -> R$ 1299,8 | I92: =B92&"-"&H92&";" -> União-R$ 1299,8;
B93: União | D93: Dívida Ativa (Multa) | E93: 91697030410-64 - Execução Fiscal n° 5012970-93.2018.4.04.7201 - Fls. 588 | F93: 3597.66 | G93: Fls. 280-286 | H93: ="R$ "&F93 -> R$ 3597,66 | I93: =B93&"-"&H93&";" -> União-R$ 3597,66;
B94: União | D94: Dívida Ativa (Multa) | E94: 91697030406-88- Execução Fiscal n° 5012970-93.2018.4.04.7201 - Fls. 591 | F94: 4123.29 | G94: Fls. 280-286 | H94: ="R$ "&F94 -> R$ 4123,29 | I94: =B94&"-"&H94&";" -> União-R$ 4123,29;
B95: União | D95: Dívida Ativa (Multa) | E95: 91697030411-45- Execução Fiscal n° 5012970-93.2018.4.04.7201 - Fls. 594 | F95: 14728.18 | G95: Fls. 280-286 | H95: ="R$ "&F95 -> R$ 14728,18 | I95: =B95&"-"&H95&";" -> União-R$ 14728,18;
B96: União | D96: Dívida Ativa (Multa) | E96: 91697030407-69- Execução Fiscal n° 5012970-93.2018.4.04.7201 - Fls. 597 | F96: 1798.81 | G96: Fls. 280-286 | H96: ="R$ "&F96 -> R$ 1798,81 | I96: =B96&"-"&H96&";" -> União-R$ 1798,81;
B97: União | D97: Dívida Ativa (Multa) | E97: 91697030404-16- Execução Fiscal n° 5012970-93.2018.4.04.7201 - Fls. 600 | F97: 4854.78 | G97: Fls. 280-286 | H97: ="R$ "&F97 -> R$ 4854,78 | I97: =B97&"-"&H97&";" -> União-R$ 4854,78;
B98: União | D98: Dívida Ativa (Multa) | E98: 91697030403-35 - Execução Fiscal n° 5012970-93.2018.4.04.7201 - Fls. 603 | F98: 8982.68 | G98: Fls. 280-286 | H98: ="R$ "&F98 -> R$ 8982,68 | I98: =B98&"-"&H98&";" -> União-R$ 8982,68;
B99: União | D99: Dívida Ativa (Multa) | E99: 91697030402-54 - Execução Fiscal n° 5012970-93.2018.4.04.7201 - Fls. 606 | F99: 1299.8 | G99: Fls. 280-286 | H99: ="R$ "&F99 -> R$ 1299,8 | I99: =B99&"-"&H99&";" -> União-R$ 1299,8;
... B105: União | D105: Dívida Ativa (Multa) | E105: 91697030462-22 - Execução Fiscal n° 5012970-93.2018.4.04.7201 - Fls. 624 | F105: 3577.14 | G105: Fls. 280-286 | H105: ="R$ "&F105 -> R$ 3577,14 | I105: =B105&"-"&H105&";" -> União-R$ 3577,14;
B106: União | D106: Ausência de Recolhimento - FGTS | F106: =60*500 -> 30000 | G106: Fls. 335-337 | H106: ="R$ "&F106 -> R$ 30000 | I106: =B106&"-"&H106&";" -> União-R$ 30000;
B107: Município de Joinville | D107: IPTU - Dívida Ativa | E107: 1999 | F107: 129.66 | G107: Fls. 507-514 | H107: ="R$ "&F107 -> R$ 129,66 | I107: =B107&"-"&H107&";" -> Município de Joinville-R$ 129,66;
B108: Município de Joinville | D108: IPTU - Dívida Ativa | E108: 2000 | F108: 129.66 | G108: Fls. 507-514 | H108: ="R$ "&F108 -> R$ 129,66 | I108: =B108&"-"&H108&";" -> Município de Joinville-R$ 129,66;
B109: Município de Joinville | D109: IPTU - Dívida Ativa | E109: 2001 | F109: 143.72 | G109: Fls. 507-514 | H109: ="R$ "&F109 -> R$ 143,72 | I109: =B109&"-"&H109&";" -> Município de Joinville-R$ 143,72;
B110: Município de Joinville | D110: IPTU - Dívida Ativa | E110: 2002 | F110: 146.55 | G110: Fls. 507-514 | H110: ="R$ "&F110 -> R$ 146,55 | I110: =B110&"-"&H110&";" -> Município de Joinville-R$ 146,55;
B111: Município de Joinville | D111: IPTU - Ajuizada | E111: 2003 | F111: 152.59 | G111: Fls. 507-514 | H111: ="R$ "&F111 -> R$ 152,59 | I111: =B111&"-"&H111&";" -> Município de Joinville-R$ 152,59;
B112: Município de Joinville | D112: IPTU - Dívida Ativa | E112: 2004 | F112: 150.56 | G112: Fls. 507-514 | H112: ="R$ "&F112 -> R$ 150,56 | I112: =B112&"-"&H112&";" -> Município de Joinville-R$ 150,56;
B113: Município de Joinville | D113: IPTU - Ajuizada | E113: 2005 | F113: 157.77 | G113: Fls. 507-514 | H113: ="R$ "&F113 -> R$ 157,77 | I113: =B113&"-"&H113&";" -> Município de Joinville-R$ 157,77;
B114: Município de Joinville | D114: IPTU - Ajuizada | E114: 2006 | F114: 172.23 | G114: Fls. 507-514 | H114: ="R$ "&F114 -> R$ 172,23 | I114: =B114&"-"&H114&";" -> Município de Joinville-R$ 172,23;
B115: Município de Joinville | D115: IPTU - Ajuizada | E115: 2007 | F115: 292.34 | G115: Fls. 507-514 | H115: ="R$ "&F115 -> R$ 292,34 | I115: =B115&"-"&H115&";" -> Município de Joinville-R$ 292,34;
B116: Município de Joinville | D116: IPTU - Ajuizada | E116: 2008 | F116: 290.37 | G116: Fls. 507-514 | H116: ="R$ "&F116 -> R$ 290,37 | I116: =B116&"-"&H116&";" -> Município de Joinville-R$ 290,37;
B117: Município de Joinville | D117: IPTU - Ajuizada | E117: 2009 | F117: 181.99 | G117: Fls. 507-514 | H117: ="R$ "&F117 -> R$ 181,99 | I117: =B117&"-"&H117&";" -> Município de Joinville-R$ 181,99;
B118: Município de Joinville | D118: IPTU - Ajuizada | E118: 2010 | F118: 185.71 | G118: Fls. 507-514 | H118: ="R$ "&F118 -> R$ 185,71 | I118: =B118&"-"&H118&";" -> Município de Joinville-R$ 185,71;
... B126: Município de Joinville | D126: IPTU - Dívida Ativa | E126: 2018 | F126: 941.89 | G126: Fls. 507-514 | H126: ="R$ "&F126 -> R$ 941,89 | I126: =B126&"-"&H126&";" -> Município de Joinville-R$ 941,89;
B127: Municipio de São José | D127: CDA 81902015 | E127: 2010 a 2013 | F127: 138.35 | G127: Execução Fiscal n° 0312898-09.2015.8.24.0064 | H127: ="R$ "&F127 -> R$ 138,35 | I127: =B127&"-"&H127&";" -> Municipio de São José-R$ 138,35;
B128: Municipio de São José | D128: CDA 7002 | E128: 2010 a 2013 | F128: 205.77 | G128: Execução Fiscal n° 0903736-38.2015.8.24.0064 | H128: ="R$ "&F128 -> R$ 205,77 | I128: =B128&"-"&H128&";" -> Municipio de São José-R$ 205,77;
B129: TOTAL | F129: =SUM(F88:F128) -> 116526.03 | H129: ="R$ "&F129 -> R$ 116526,03 | I129: =B129&"-"&H129&";" -> TOTAL-R$ 116526,03;
B131: Quadro apresentado 25/01/2021 - Ev 556
...
